Workbook
Name А1: #REF!
Name А1: #REF!
Name А1: #REF!
Name А1: #REF!
Name А1: #REF!
Name А1: #REF!
Name А1: #REF!
Name Выбор_1.1: 'Показатель 6.2'!$C$5:$C$6
Name Выбор_1.1: 'Показатель 6.3'!$C$5:$C$6
Name Выбор_1.1: 'Показатель 7.1'!$C$5:$C$6
Name Выбор_1.1: 'Показатель 6.1'!$C$5:$C$6
Name Выбор_1.2: #REF!
Name Выбор_1.2: 'Показатель 5.1'!$C$5:$C$6
Name Выбор_1.2: 'Показатель 5.2'!$C$5:$C$6
Name Выбор_1.2: #REF!
Name Выбор_1.3: #REF!
Name Выбор_1.3: #REF!
Name Выбор_1.3: #REF!
Name Выбор_1.3: #REF!
Name Выбор_1.3: #REF!
Name Выбор_1.3: #REF!
Name Выбор_1.3: #REF!
Name Выбор_4.1: #REF!
Name Выбор_4.1: #REF!
Name Выбор_4.1: #REF!
Name Выбор_4.1: #REF!
Name Выбор_4.1: #REF!
Name Выбор_4.1: #REF!
Name Выбор_4.1: #REF!
Name Выбор_4.2: '[1]Показатель 4.2'!$C$5:$C$8
Name Выбор_4.3: '[1]Показатель 4.3'!$C$5:$C$7
Name Выбор_4.4: '[1]Показатель 4.4'!$C$6:$C$8
Name Выбор1.1: #REF!
Name Выбор1.1: #REF!
Name Выбор1.1: #REF!
Name Выбор1.1: #REF!
Name Выбор1.1: #REF!
Name Выбор1.1: #REF!
Name Выбор1.1: #REF!
Name Да_нет: #REF!
Name Да_нет: #REF!
Name Да_нет: #REF!
Name Да_нет: #REF!
Name Да_нет: #REF!
Name Да_нет: #REF!
Name Да_нет: #REF!
Name Коэфициент: [1]Параметры!$C$3:$C$4
Name Формат: #REF!

Sheet Оценка (Этап I - III)
A1: Оценка муниципальных образований по I - III этапам
A2: Календарный период | B2: 2021 год
A3: Наименование муниципального образования Саратовской обалсти | B3: Итого по I - III этапам | C3: Итого по III этапу | D3: Итого по II этапу | E3: Итого по I этапу
A4: Единица измерения | B4: баллов | C4: баллов | D4: баллов | E4: баллов
A5: Максимальный балл | B5: =SUM(C5:E5) -> 30 | C5: 10 | D5: 10 | E5: 10
A6: Городские округа
A7: г. Саратов | B7: =SUM(C7:E7) -> 28 | C7: ='Оценка (Этап III)'!B7 -> 8 | D7: 10 | E7: 10
A8: п. Михайловское | B8: =SUM(C8:E8) -> 24 | C8: ='Оценка (Этап III)'!B8 -> 8 | D8: 9 | E8: 7
A9: ЗАТО Светлый | B9: =SUM(C9:E9) -> 22 | C9: ='Оценка (Этап III)'!B9 -> 7 | D9: 7 | E9: 8
A10: г. Шиханы | B10: =SUM(C10:E10) -> 16 | C10: ='Оценка (Этап III)'!B10 -> 3 | D10: 5 | E10: 8
A11: Муниципальные районы
A12: ='Оценка (Этап III)'!A12 -> Александрово-Гайский | B12: =SUM(C12:E12) -> 10.5 | C12: ='Оценка (Этап III)'!B12 -> 2.5 | D12: 2 | E12: 6
A13: ='Оценка (Этап III)'!A13 -> Аркадакский | B13: =SUM(C13:E13) -> 18.5 | C13: ='Оценка (Этап III)'!B13 -> 5 | D13: 7.5 | E13: 6
A14: ='Оценка (Этап III)'!A14 -> Аткарский | B14: =SUM(C14:E14) -> 25 | C14: ='Оценка (Этап III)'!B14 -> 8 | D14: 10 | E14: 7
A15: ='Оценка (Этап III)'!A15 -> Базарно-Карабулакский | B15: =SUM(C15:E15) -> 23.5 | C15: ='Оценка (Этап III)'!B15 -> 7.5 | D15: 7 | E15: 9
A16: ='Оценка (Этап III)'!A16 -> Балаковский | B16: =SUM(C16:E16) -> 30 | C16: ='Оценка (Этап III)'!B16 -> 10 | D16: 10 | E16: 10
A17: ='Оценка (Этап III)'!A17 -> Балашовский | B17: =SUM(C17:E17) -> 29 | C17: ='Оценка (Этап III)'!B17 -> 10 | D17: 10 | E17: 9
A18: ='Оценка (Этап III)'!A18 -> Балтайский | B18: =SUM(C18:E18) -> 17 | C18: ='Оценка (Этап III)'!B18 -> 3 | D18: 5 | E18: 9
A19: ='Оценка (Этап III)'!A19 -> Вольский | B19: =SUM(C19:E19) -> 11 | C19: ='Оценка (Этап III)'!B19 -> 2 | D19: 4 | E19: 5
A20: ='Оценка (Этап III)'!A20 -> Воскресенский | B20: =SUM(C20:E20) -> 11 | C20: ='Оценка (Этап III)'!B20 -> 3 | D20: 3 | E20: 5
A21: ='Оценка (Этап III)'!A21 -> Дергачевский | B21: =SUM(C21:E21) -> 22.5 | C21: ='Оценка (Этап III)'!B21 -> 9 | D21: 5.5 | E21: 8
A22: ='Оценка (Этап III)'!A22 -> Духовницкий | B22: =SUM(C22:E22) -> 10 | C22: ='Оценка (Этап III)'!B22 -> 2.5 | D22: 2.5 | E22: 5
A23: ='Оценка (Этап III)'!A23 -> Екатериновский | B23: =SUM(C23:E23) -> 9 | C23: ='Оценка (Этап III)'!B23 -> 2 | D23: 2 | E23: 5
... A49: ='Оценка (Этап III)'!A49 -> Энгельсский | B49: =SUM(C49:E49) -> 28 | C49: ='Оценка (Этап III)'!B49 -> 8 | D49: 10 | E49: 10

Sheet Оценка (Этап III)
A1: Оценка муниципальных образований по III этапу «Исполнение бюджета муниципального образования и финансовый контроль»
A2: Календарный период | B2: 2021 год
A3: Наименование муниципального образования Саратовской обалсти | B3: Итого по III этапу | C3: ='Показатель 5.1'!A1 -> 5.1. Внесение изменений в решение о бюджете муниципального образования на текущий финансовый год (текущий финансовый год и плановый период) на портале (сайте) | D3: ='Показатель 5.2'!A1 -> 5.2. Актуализированная версия решения о бюджете муниципального образования на текущий финансовый год (текущий финансовый год и плановый период) с учетом внесенных изменений на портале (сайте) | E3: ='Показатель 6.1'!A1 -> 6.1. Отчеты об исполнении бюджета муниципального образования за первый квартал, полугодие, девять месяцев текущего финансового года на портале (сайте) | F3: ='Показатель 6.2'!A1 -> 6.2. Ежеквартальные сведения об исполнении бюджета муниципального образования | G3: ='Показатель 6.3'!A1 -> 6.3. Ежеквартальные сведения об объеме муниципального долга муниципального образования | H3: ='Показатель 7.1'!A1 -> 7.1. Информация о проведенных в текущем финансовом году контрольных мероприятиях контрольно-счетным органом муниципального образования на портале (сайте)
A4: Единица измерения | B4: баллов | C4: баллов | D4: баллов | E4: баллов | F4: баллов | G4: баллов | H4: баллов
A5: Максимальный балл | B5: =SUM(C5:H5) -> 10 | C5: ='Методика III этап'!C9 -> 2 | D5: ='Методика III этап'!C13 -> 2 | E5: ='Методика III этап'!C19 -> 1 | F5: ='Методика III этап'!C23 -> 2 | G5: ='Методика III этап'!C28 -> 1 | H5: ='Методика III этап'!C33 -> 2
A6: Городские округа
A7: г. Саратов | B7: =SUM(C7:H7) -> 8 | C7: ='Показатель 5.1'!J8 -> 2 | D7: ='Показатель 5.2'!J9 -> 2 | E7: ='Показатель 6.1'!J8 -> 1 | F7: ='Показатель 6.2'!J9 -> 2 | G7: ='Показатель 6.3'!J8 -> 1 | H7: ='Показатель 7.1'!J9 -> 0
A8: п. Михайловское | B8: =SUM(C8:H8) -> 8 | C8: ='Показатель 5.1'!J9 -> 1 | D8: ='Показатель 5.2'!J10 -> 1 | E8: ='Показатель 6.1'!J9 -> 1 | F8: ='Показатель 6.2'!J10 -> 2 | G8: ='Показатель 6.3'!J9 -> 1 | H8: ='Показатель 7.1'!J10 -> 2
A9: ЗАТО Светлый | B9: =SUM(C9:H9) -> 7 | C9: ='Показатель 5.1'!J10 -> 0 | D9: ='Показатель 5.2'!J11 -> 2 | E9: ='Показатель 6.1'!J10 -> 1 | F9: ='Показатель 6.2'!J11 -> 2 | G9: ='Показатель 6.3'!J10 -> 1 | H9: ='Показатель 7.1'!J11 -> 1
A10: г. Шиханы | B10: =SUM(C10:H10) -> 3 | C10: ='Показатель 5.1'!J11 -> 2 | D10: ='Показатель 5.2'!J12 -> 0 | E10: ='Показатель 6.1'!J11 -> 1 | F10: ='Показатель 6.2'!J12 -> 0 | G10: ='Показатель 6.3'!J11 -> 0 | H10: ='Показатель 7.1'!J12 -> 0
A11: Муниципальные районы
A12: Александрово-Гайский | B12: =SUM(C12:H12) -> 2.5 | C12: ='Показатель 5.1'!J13 -> 1 | D12: ='Показатель 5.2'!J14 -> 1 | E12: ='Показатель 6.1'!J13 -> 0 | F12: ='Показатель 6.2'!J14 -> 0.5 | G12: ='Показатель 6.3'!J13 -> 0 | H12: ='Показатель 7.1'!J14 -> 0
A13: Аркадакский | B13: =SUM(C13:H13) -> 5 | C13: ='Показатель 5.1'!J14 -> 0 | D13: ='Показатель 5.2'!J15 -> 2 | E13: ='Показатель 6.1'!J14 -> 1 | F13: ='Показатель 6.2'!J15 -> 1 | G13: ='Показатель 6.3'!J14 -> 1 | H13: ='Показатель 7.1'!J15 -> 0
A14: Аткарский | B14: =SUM(C14:H14) -> 8 | C14: ='Показатель 5.1'!J15 -> 2 | D14: ='Показатель 5.2'!J16 -> 2 | E14: ='Показатель 6.1'!J15 -> 0 | F14: ='Показатель 6.2'!J16 -> 1 | G14: ='Показатель 6.3'!J15 -> 1 | H14: ='Показатель 7.1'!J16 -> 2
A15: Базарно-Карабулакский | B15: =SUM(C15:H15) -> 7.5 | C15: ='Показатель 5.1'!J16 -> 2 | D15: ='Показатель 5.2'!J17 -> 2 | E15: ='Показатель 6.1'!J16 -> 1 | F15: ='Показатель 6.2'!J17 -> 2 | G15: ='Показатель 6.3'!J16 -> 0.5 | H15: ='Показатель 7.1'!J17 -> 0
A16: Балаковский | B16: =SUM(C16:H16) -> 10 | C16: ='Показатель 5.1'!J17 -> 2 | D16: ='Показатель 5.2'!J18 -> 2 | E16: ='Показатель 6.1'!J17 -> 1 | F16: ='Показатель 6.2'!J18 -> 2 | G16: ='Показатель 6.3'!J17 -> 1 | H16: ='Показатель 7.1'!J18 -> 2
A17: Балашовский | B17: =SUM(C17:H17) -> 10 | C17: ='Показатель 5.1'!J18 -> 2 | D17: ='Показатель 5.2'!J19 -> 2 | E17: ='Показатель 6.1'!J18 -> 1 | F17: ='Показатель 6.2'!J19 -> 2 | G17: ='Показатель 6.3'!J18 -> 1 | H17: ='Показатель 7.1'!J19 -> 2
A18: Балтайский | B18: =SUM(C18:H18) -> 3 | C18: ='Показатель 5.1'!J19 -> 2 | D18: ='Показатель 5.2'!J20 -> 0 | E18: ='Показатель 6.1'!J19 -> 0 | F18: ='Показатель 6.2'!J20 -> 0 | G18: ='Показатель 6.3'!J19 -> 1 | H18: ='Показатель 7.1'!J20 -> 0
A19: Вольский | B19: =SUM(C19:H19) -> 2 | C19: ='Показатель 5.1'!J20 -> 2 | D19: ='Показатель 5.2'!J21 -> 0 | E19: ='Показатель 6.1'!J20 -> 0 | F19: ='Показатель 6.2'!J21 -> 0 | G19: ='Показатель 6.3'!J20 -> 0 | H19: ='Показатель 7.1'!J21 -> 0
A20: Воскресенский | B20: =SUM(C20:H20) -> 3 | C20: ='Показатель 5.1'!J21 -> 2 | D20: ='Показатель 5.2'!J22 -> 0 | E20: ='Показатель 6.1'!J21 -> 0 | F20: ='Показатель 6.2'!J22 -> 0 | G20: ='Показатель 6.3'!J21 -> 1 | H20: ='Показатель 7.1'!J22 -> 0
A21: Дергачевский | B21: =SUM(C21:H21) -> 9 | C21: ='Показатель 5.1'!J22 -> 2 | D21: ='Показатель 5.2'!J23 -> 2 | E21: ='Показатель 6.1'!J22 -> 1 | F21: ='Показатель 6.2'!J23 -> 1 | G21: ='Показатель 6.3'!J22 -> 1 | H21: ='Показатель 7.1'!J23 -> 2
A22: Духовницкий | B22: =SUM(C22:H22) -> 2.5 | C22: ='Показатель 5.1'!J23 -> 1 | D22: ='Показатель 5.2'!J24 -> 1 | E22: ='Показатель 6.1'!J23 -> 0 | F22: ='Показатель 6.2'!J24 -> 0 | G22: ='Показатель 6.3'!J23 -> 0.5 | H22: ='Показатель 7.1'!J24 -> 0
A23: Екатериновский | B23: =SUM(C23:H23) -> 2 | C23: ='Показатель 5.1'!J24 -> 2 | D23: ='Показатель 5.2'!J25 -> 0 | E23: ='Показатель 6.1'!J24 -> 0 | F23: ='Показатель 6.2'!J25 -> 0 | G23: ='Показатель 6.3'!J24 -> 0 | H23: ='Показатель 7.1'!J25 -> 0
... A49: Энгельсский | B49: =SUM(C49:H49) -> 8 | C49: ='Показатель 5.1'!J50 -> 2 | D49: ='Показатель 5.2'!J51 -> 2 | E49: ='Показатель 6.1'!J50 -> 1 | F49: ='Показатель 6.2'!J51 -> 2 | G49: ='Показатель 6.3'!J50 -> 1 | H49: ='Показатель 7.1'!J51 -> 0

Sheet Методика III этап
A1: III этап. Исполнение бюджета муниципального образования и финансовый контроль
A4: № п/п | B4: Вопросы и варианты ответов | C4: Баллы
A6: 5. | B6: Внесение изменений в решение о бюджете муниципального образования | C6: =C9+C13 -> 4
A7: 5.1 | B7: Опубликование решений о внесении изменений в решение о бюджете муниципального образования на текущий финансовый год (текущий финансовый год и плановый период) на портале (сайте)
B8: В целях оценки показателя учитывается публикация всех решений о внесении изменений в решение о бюджете, принятых на момент проведения мониторинга. В случае, если не опубликовано хотя бы одно решение о внесении изменений в решение о бюджете из числа принятых, оценка показателя принимает значение 0 баллов. Решения о внесении изменений в решение о бюджете должны быть опубликованы не позднее 15 рабочих дней после подписания решения и сохраняться не менее трех лет. При нарушении указанного срока применяется понижающий коэффициент за несоблюдение сроков обеспечения доступа к бюджетным данным.
B9: Опубликованы, или внесение изменений в решение не осуществлялось | C9: 2
B10: Не опубликованы или опубликованы в отдельных случаях | C10: 0
A11: 5.2 | B11: Опубликование актуализированной версии решения о бюджете муниципального образования на текущий финансовый год (на текущий финансовый год и плановый период) с учетом внесенных изменений на портале (сайте)
B12: В целях оценки показателя учитывается публикация актуализированной версии решения о бюджете, с учетом всех принятых на дату проведения мониторинга решений о внесении изменений в бюджет. Учитывается публикация актуализированной версии решения о бюджете со всеми приложениями, публикация отдельных составляющих в целях оценки показателя не учитывается. В случае если внесение изменений в решение о бюджете на текущий год (на текущий год и плановый период) на момент проведения мониторинга не осуществлялось, в целях оценки показателя учитывается публикация принятого решения о бюджете муниципального образования на текущий финансовый год (текущий финансовый год и плановый период). Актуализированная версия решения о бюджете должна быть опубликована в течение одного месяца после подписания решения о внесении изменения в решение о бюджете муниципального образования и сохраняться не менее трех лет. При нарушении указанного срока применяется понижающий коэффициент за несоблюдение сроков обеспечения доступа к бюджетным данным. В случае, если в установленный срок документ не размещен, оценка показателя принимает значение 0 баллов.
B13: Опубликована в структурированном виде, с указанием полных или кратких наименований всех составляющих | C13: 2
B14: Опубликована, но не в структурированном виде и (или) без указания полных или кратких наименований всех составляющих | C14: 1
B15: Не опубликована | C15: 0
A16: 6. | B16: Промежуточная отчетность об исполнении бюджета муниципального образования и аналитические данные | C16: =C19+C23+C28 -> 4
A17: 6.1 | B17: Опубликование отчетов об исполнении бюджета муниципального образования за первый квартал, полугодие, девять месяцев текущего финансового года на портале (сайте)
B18: В целях оценки показателя учитываются официальные документы, принятые администрацией муниципального образования. Иные документы и материалы в целях оценки данного показателя не учитываются. Опубликованные сведения в обязательном порядке должны содержать: а) наименование, номер и дату муниципального правового акта об утверждении отчета; б) должность, фамилию и инициалы лица, подписавшего муниципальный правовой акт об утверждении отчета. Учитывается публикация отчетов со всеми приложениями, публикация отдельных составляющих в целях оценки показателя не учитывается. Графический формат допускается для публикация постановляющей части муниципального правового акта об утверждении отчета и не допускается для публикации приложений к отчету (содержательной части). Отчет об исполнении бюджета муниципального образования за первый квартал, полугодие, девять месяцев текущего года должен быть опубликован в течение трех месяцев после окончания отчетного периода и сохраняться не менее трех лет. При нарушении указанного срока применяется понижающий коэффициент за несоблюдение сроков обеспечения доступа к бюджетным данным.
B19: Опубликованы за все отчетные периоды | C19: 1
B20: Не опубликованы или публикуются нерегулярно, или не отвечают требованиям | C20: 0
A21: 6.2 | B21: Ежеквартальное опубликование сведений об исполнении бюджета муниципального образования в сравнении с запланированными значениями на соответствующий период (финансовый год) и с соответствующим периодом прошлого года на портале (сайте)
B22: В том числе, должна быть представлена следующая информация: 1) исполнение по видам доходов до уровня подгруппы или статьи классификации доходов бюджетов; 2) исполнение по расходам в разрезе разделов и подразделов классификации расходов; 3) исполнение по расходам в разрезе муниципальных программ. Указанные сведения должны быть опубликованы в течение одного месяца после окончания отчетного периода и сохраняться не менее трех лет. При нарушении указанного срока применяется понижающий коэффициент за несоблюдение сроков обеспечения доступа к бюджетным данным.
B23: Опубликованы за все отчетные периоды по всем указанным элементам | C23: 2
B24: Опубликованы за все отчетные периоды по двум ключевым элементам | C24: 1
B25: Не опубликованы или публикуются нерегулярно, или не отвечают требованиям | C25: 0
A26: 6.3 | B26: Ежеквартальное опубликование сведений об объеме муниципального долга муниципального образования на начало и на конец отчетного периода на портале (сайте)
B27: В целях оценки показателя учитывается публикация сведений об объеме муниципального долга муниципального образования на начало и на конец отчетного периода по видам долговых обязательств или по видам заимствований. Указанные сведения должны быть опубликованы в течение одного месяца после окончания отчетного периода и сохраняться не менее трех лет. При нарушении указанного срока применяется понижающий коэффициент за несоблюдение сроков обеспечения доступа к бюджетным данным.
B28: Опубликованы за все отчетные периоды и отвечают всем требованиям | C28: 1
B29: Не опубликованы или публикуются нерегулярно, или не отвечают требованиям | C29: 0
A30: 7. | B30: Финансовый контроль | C30: =C33 -> 2
A31: 7.1 | B31: Опубликование информации о проведенных в текущем финансовом году контрольных мероприятиях контрольно-счетным органом муниципального образования на портале (сайте)
B32: В целях оценки показателя учитываются контрольные мероприятия, предусмотренные планом контрольно-счетного органа муниципального образования в текущем году, срок реализации которых на дату проведения мониторинга завершен. В случае, если план контрольных мероприятий на текущий финансовый год не опубликован до 1 января соответствующего года, оценка показателя принимает значение 0 баллов. Информация о проведенном контрольном мероприятии должна быть опубликована в течение трех месяцев с даты завершения контрольного мероприятия. При нарушении указанного срока применяется понижающий коэффициент за несоблюдение сроков обеспечения доступа к бюджетным данным.
B33: Опубликована по результатам всех контрольных мероприятий, предусмотренных планом на текущий финансовый год, в том числе сведения о принятых объектом контроля решениях и мерах по направленным ему представлениям и предписаниям | C33: 2
B34: Опубликована по результатам всех контрольных мероприятий, предусмотренных планом на текущий финансовый год, за исключением сведений о принятых объектом контроля решениях и мерах по направленным ему представлениям и предписаниям | C34: 1
B35: Не опубликована, или ее публикация носит несистемный характер (публикуются сведения по отдельным контрольным мероприятиям, предусмотренным планом на текущий финансовый год) | C35: 0
B36: Итого баллов на III этапе | C36: =C6+C16+C30 -> 10

Sheet Показатель 5.1
A1: 5.1. Внесение изменений в решение о бюджете муниципального образования на текущий финансовый год (текущий финансовый год и плановый период) на портале (сайте)
A2: Комментарий:
A3: ='Методика III этап'!B8 -> В целях оценки показателя учитывается публикация всех решений о внесении изменений в решение о бюджете, принятых на момент проведения мониторинга. В случае, если не опубликовано хотя бы одно решение о внесении изменений в решение о бюджете из числа принятых, оценка показателя принимает значение 0 баллов. Решения о внесении изменений в решение о бюджете должны быть опубликованы не позднее 15 рабочих дней после подписания решения и сохраняться не менее трех лет. При нарушении указанного срока применяется понижающий коэффициент за несоблюдение сроков обеспечения доступа к бюджетным данным.
A4: № п/п | B4: Наименование муниципального образования Саратовской обалсти | C4: ='Методика III этап'!B7 -> Опубликование решений о внесении изменений в решение о бюджете муниципального образования на текущий финансовый год (текущий финансовый год и плановый период) на портале (сайте) | D4: Формат | E4: Доступность (указать, если возникли трудности с поиском документа, если переход осуществляется более, чем за 5 «кликов» с основной страницы портала (сайта), если название раздела не соответствует содержанию) | F4: Оценка показателя 5.1 | K4: Ссылка на источник данных | L4: Комментарии
B5: Варианты ответов | C5: ='Методика III этап'!B9 -> Опубликованы, или внесение изменений в решение не осуществлялось | D5: Word, Excel, PDF | F5: баллы | G5: понижающие коэффициенты | J5: Итого
C6: ='Методика III этап'!B10 -> Не опубликованы или опубликованы в отдельных случаях | G6: графический формат | H6: затруднен-ный поиск | I6: несоблюде-ние сроков
B7: Городские округа
A8: 1 | B8: г. Саратов | C8: Опубликованы, или внесение изменений в решение не осуществлялось | D8: Word | F8: =IF(C8=$C$5,2,0) -> 2 | J8: =F8*(1-G8)*(1-H8)*(1-I8) -> 2 | K8: https://saratovmer.ru/budget/rubrics/1/1312.html
A9: 2 | B9: п. Михайловское | C9: Опубликованы, или внесение изменений в решение не осуществлялось | D9: Jpg, Excel | E9: Постановляющая часть решений опубликована в виде картинки | F9: =IF(C9=$C$5,2,0) -> 2 | G9: 0.5 | J9: =F9*(1-G9)*(1-H9)*(1-I9) -> 1 | K9: http://www.mihailovski.ru/byudzhet-mo-na-2021-2023-gody-/resheniya-o-byudzhete-/
A10: 3 | B10: ЗАТО Светлый | C10: Не опубликованы или опубликованы в отдельных случаях | D10: Word | F10: =IF(C10=$C$5,2,0) -> 0 | J10: =F10*(1-G10)*(1-H10)*(1-I10) -> 0 | K10: https://www.zatosvetly.ru/city/economics_amp_finance/byudzhet-gorodskogo-okruga/byudzhet-gorodskogo-okruga-zato-svetlyy/2021-g/ | L10: Отсутствует внесение изменений от 28 июня 2021 года № 80-371
A11: 4 | B11: г. Шиханы | C11: Опубликованы, или внесение изменений в решение не осуществлялось | D11: Word | F11: =IF(C11=$C$5,2,0) -> 2 | J11: =F11*(1-G11)*(1-H11)*(1-I11) -> 2 | K11: http://zatoshihany.ru/budget/reshenie-o-byudzhete/2021/ | L11: Изменения в решение о бюджете по указанной ссылке публикуются, однако возможность проверки регулярности их размещения в полном объеме отсутствует (актуализированной версии решения о бюджете на сайте нет).
B12: Муниципальные районы
A13: 5 | B13: Александрово-Гайский | C13: Опубликованы, или внесение изменений в решение не осуществлялось | D13: Word | F13: =IF(C13=$C$5,2,0) -> 2 | I13: 0.5 | J13: =F13*(1-H13)*(1-I13)*(1-G13) -> 1 | K13: http://algay.sarmo.ru/byudzhet-ekonomika-finansy/resheniya-mun-sobraniya.php?sphrase_id=4394 | L13: Решения о внесении изменений в решение о бюджете должны быть опубликованы не позднее 15 рабочих дней после подписания решения и сохраняться не менее трех лет (дата последнего изменения опубликованного файла решения от 12.03.2021 - 24.09.2021)
A14: 6 | B14: Аркадакский | C14: Не опубликованы или опубликованы в отдельных случаях | D14: Word | F14: =IF(C14=$C$5,2,0) -> 0 | J14: =F14*(1-H14)*(1-I14)*(1-G14) -> 0 | K14: http://arkadak.sarmo.ru/byudzhet-munitsipalnogo-rayona/reshenie-o-byudzhete/byudzhet2021.php | L14: Отсутствует внесение изменений от 2 февраля 2021 года № 38-268
A15: 7 | B15: Аткарский | C15: Опубликованы, или внесение изменений в решение не осуществлялось | D15: Word, Exel | F15: =IF(C15=$C$5,2,0) -> 2 | J15: =F15*(1-H15)*(1-I15)*(1-G15) -> 2 | K15: http://atkarsk.moyaokruga.ru/CityListArticles.aspx?categoryid=501
A16: 8 | B16: Базарно-Карабулакский | C16: Опубликованы, или внесение изменений в решение не осуществлялось | D16: Word, Exel | F16: =IF(C16=$C$5,2,0) -> 2 | J16: =F16*(1-H16)*(1-I16)*(1-G16) -> 2 | K16: https://admbk.ru/administration/finansovoe-upravlenie/byudzhet/2021-god/
A17: 9 | B17: Балаковский | C17: Опубликованы, или внесение изменений в решение не осуществлялось | D17: Word | F17: =IF(C17=$C$5,2,0) -> 2 | J17: =F17*(1-H17)*(1-I17)*(1-G17) -> 2 | K17: http://balkomfin.ru/
A18: 10 | B18: Балашовский | C18: Опубликованы, или внесение изменений в решение не осуществлялось | D18: Word | F18: =IF(C18=$C$5,2,0) -> 2 | J18: =F18*(1-H18)*(1-I18)*(1-G18) -> 2 | K18: http://baladmin.ru/byudzhet-na-2021-god-i-planovyy-period-2022-i-2023-godov.php
A19: 11 | B19: Балтайский | C19: Опубликованы, или внесение изменений в решение не осуществлялось | D19: Word | F19: =IF(C19=$C$5,2,0) -> 2 | J19: =F19*(1-H19)*(1-I19)*(1-G19) -> 2 | K19: http://adm-baltay.ru/finansovoe-upravlenie/resheniya-o-mestnom-byudzhete-na-2021-god-i-planovyj-period-2022-2023-gg/
A20: 12 | B20: Вольский | C20: Опубликованы, или внесение изменений в решение не осуществлялось | D20: Word | F20: =IF(C20=$C$5,2,0) -> 2 | J20: =F20*(1-H20)*(1-I20)*(1-G20) -> 2 | K20: http://volsk-ms.ru/resheniya-vms/resheniya/ | L20: Изменения в решение о бюджете по указанной ссылке публикуются, однако возможность проверки регулярности их размещения в полном объеме отсутствует (актуализированной версии решения о бюджете на сайте нет).
A21: 13 | B21: Воскресенский | C21: Опубликованы, или внесение изменений в решение не осуществлялось | D21: Word | F21: =IF(C21=$C$5,2,0) -> 2 | J21: =F21*(1-H21)*(1-I21)*(1-G21) -> 2 | K21: http://voskresensk64.ru/meeting/mun-sobranie/documents/index.php | L21: Изменения в решение о бюджете по указанной ссылке публикуются, однако возможность проверки регулярности их размещения в полном объеме отсутствует (актуализированной версии решения о бюджете на сайте нет).
A22: 14 | B22: Дергачевский | C22: Опубликованы, или внесение изменений в решение не осуществлялось | D22: PDF,Word, Excel | F22: =IF(C22=$C$5,2,0) -> 2 | J22: =F22*(1-H22)*(1-I22)*(1-G22) -> 2 | K22: http://dergachi.sarmo.ru/sobranie-dergachevskogo-munitsipalnogo-rayona/resheniya-o-byudzhete-s-izmeneniyami/
A23: 15 | B23: Духовницкий | C23: Опубликованы, или внесение изменений в решение не осуществлялось | D23: Word | F23: =IF(C23=$C$5,2,0) -> 2 | I23: 0.5 | J23: =F23*(1-H23)*(1-I23)*(1-G23) -> 1 | K23: http://duhovnitskoe.sarmo.ru/predstavitelnyy-organ/npa/mpa-2021/ | L23: Решения о внесении изменений в решение о бюджете должны быть опубликованы не позднее 15 рабочих дней после подписания решения и сохраняться не менее трех лет (дата последнего изменения опубликованного файла решения от 26.08.2021 - 01.10.2021)
A24: 16 | B24: Екатериновский | C24: Опубликованы, или внесение изменений в решение не осуществлялось | D24: Word | F24: =IF(C24=$C$5,2,0) -> 2 | J24: =F24*(1-H24)*(1-I24)*(1-G24) -> 2 | K24: http://ekaterinovka.sarmo.ru/rayonnoe-sobranie/2021-god.php | L24: Изменения в решение о бюджете по указанной ссылке публикуются, однако возможность проверки регулярности их размещения в полном объеме отсутствует (актуализированной версии решения о бюджете на сайте нет).
A25: 17 | B25: Ершовский | C25: Опубликованы, или внесение изменений в решение не осуществлялось | D25: Word | F25: =IF(C25=$C$5,2,0) -> 2 | J25: =F25*(1-H25)*(1-I25)*(1-G25) -> 2 | K25: https://adminemr.ru/raion-sobr/resheniya/2021-resheniya/index.php
A26: 18 | B26: Ивантеевский | C26: Опубликованы, или внесение изменений в решение не осуществлялось | D26: Word | F26: =IF(C26=$C$5,2,0) -> 2 | J26: =F26*(1-H26)*(1-I26)*(1-G26) -> 2 | K26: http://ivanteevka.sarmo.ru/byudzhet-dlya-grazhdan/npa/2021/
A27: 19 | B27: Калининский | C27: Не опубликованы или опубликованы в отдельных случаях | D27: Word | F27: =IF(C27=$C$5,2,0) -> 0 | J27: =F27*(1-H27)*(1-I27)*(1-G27) -> 0 | K27: http://kalininsk.sarmo.ru/otkrytyybyudzhet/resheniya-o-byudzhete/resheniya-o-byudzhete-2021.php | L27: Отсутствует решение о внесении изменений от 2 апреля 2021 года №53-352
A28: 20 | B28: Красноармейский | C28: Опубликованы, или внесение изменений в решение не осуществлялось | D28: Word | F28: =IF(C28=$C$5,2,0) -> 2 | I28: 0.5 | J28: =F28*(1-H28)*(1-I28)*(1-G28) -> 1 | K28: https://krasnoarmeysk64.ru/krasnoarmeyskiy-rayon/byudzhet/resheniya-o-byudzhete-krasnoarmeyskogo-munitsipalnogo-rayona-s-dopolneniyami-i-izmeneniyami/reshenie-byudzheta-2021.php?clear_cache=Y | L28: Решения о внесении изменений в решение о бюджете должны быть опубликованы не позднее 15 рабочих дней после подписания решения и сохраняться не менее трех лет (дата последнего изменения опубликованного файла решения от 25.01.2021 - 03.03.2021, а решения от 25.08.2021 - 30.09.2021)
A29: 21 | B29: Краснокутский | C29: Опубликованы, или внесение изменений в решение не осуществлялось | D29: Word | E29: Лишняя папка в архивах | F29: =IF(C29=$C$5,2,0) -> 2 | I29: 0.5 | J29: =F29*(1-H29)*(1-I29)*(1-G29) -> 1 | K29: https://krasny-kut.ru/finansy/byudzhet-rayona/ | L29: При переходе по предоставленной ссылке http://krasny-kut.ru/municipal_noe_sobranie/oficial_nye_dokumenty/reshenij_sobraniya_deputatov/ появляется ошибка 404 «Страница не найдена.» Решения о внесении изменений в решение о бюджете должны быть опубликованы не позднее 15 рабочих дней после подписания решения и сохраняться не менее трех лет (дата последнего изменения опубликованного файла приложения 1 к решению от 27.05.2021 - 08.07.2021)
A30: 22 | B30: Краснопартизанский | C30: Опубликованы, или внесение изменений в решение не осуществлялось | D30: Word, Excel | F30: =IF(C30=$C$5,2,0) -> 2 | J30: =F30*(1-H30)*(1-I30)*(1-G30) -> 2 | K30: https://adminkmr.ru/byudzhet/byudzhet-munitsipalnogo-rayona/byudzhet-rayona-2021.php
A31: 23 | B31: Лысогорский | C31: Опубликованы, или внесение изменений в решение не осуществлялось | D31: Word | F31: =IF(C31=$C$5,2,0) -> 2 | I31: 0.5 | J31: =F31*(1-H31)*(1-I31)*(1-G31) -> 1 | K31: http://adm.lysyegory.ru/base/byudzhet-municipalnogo-raiona/reshenija-o-byudzhete-mr | L31: Решения о внесении изменений в решение о бюджете должны быть опубликованы не позднее 15 рабочих дней после подписания решения и сохраняться не менее трех лет (дата последнего изменения опубликованного файла решения от 30.04.2021 - 27.05.2021)
A32: 24 | B32: Марксовский | C32: Опубликованы, или внесение изменений в решение не осуществлялось | D32: Word, Excel | F32: =IF(C32=$C$5,2,0) -> 2 | I32: 0.5 | J32: =F32*(1-H32)*(1-I32)*(1-G32) -> 1 | K32: https://marksadm.ru/r-o-b.html | L32: Решения о внесении изменений в решение о бюджете должны быть опубликованы не позднее 15 рабочих дней после подписания решения и сохраняться не менее трех лет (дата последнего изменения опубликованного файла решения от 15.07.2021 - 18.08.2021)
A33: 25 | B33: Новобурасский | C33: Опубликованы, или внесение изменений в решение не осуществлялось | D33: Word | F33: =IF(C33=$C$5,2,0) -> 2 | J33: =F33*(1-H33)*(1-I33)*(1-G33) -> 2 | K33: http://www.nbfin.ru/resheniya_o_byudzhetah/novoburasskogo_municipal_nogo_rajona/ispolnenie_byudzheta/2021_god/
A34: 26 | B34: Новоузенский | C34: Опубликованы, или внесение изменений в решение не осуществлялось | D34: Word | E34: Решения без названий, сильно затрудняет поиск пользователю. | F34: =IF(C34=$C$5,2,0) -> 2 | H34: 0.5 | J34: =F34*(1-H34)*(1-I34)*(1-G34) -> 1 | K34: http://www.novouzensk.ru/sobranie/sobr/akty/ | L34: Найти по указанной ссылке документы чрезвычайно затруднительно: нет тематической структуры, нет наименований файлов. Чтобы найти нужный документ нужно открывать каждый опубликованный файл.
A35: 27 | B35: Озинский | C35: Опубликованы, или внесение изменений в решение не осуществлялось | D35: Word | F35: =IF(C35=$C$5,2,0) -> 2 | J35: =F35*(1-H35)*(1-I35)*(1-G35) -> 2 | K35: http://ozinki.sarmo.ru/byudzhet/byudzhet-munitsipalnogo-rayona.php?ELEMENT_ID=5965
A36: 28 | B36: Перелюбский | C36: Опубликованы, или внесение изменений в решение не осуществлялось | D36: Word, Excel | F36: =IF(C36=$C$5,2,0) -> 2 | J36: =F36*(1-H36)*(1-I36)*(1-G36) -> 2 | K36: https://xn--90ahanfef3akn5l.xn--p1ai/munitsipalnoe-sobranie-rayona/byudzhet-rayona/ | L36: Изменения в решение о бюджете по указанной ссылке публикуются, однако возможность проверки регулярности их размещения в полном объеме отсутствует (актуализированной версии решения о бюджете на сайте нет).
A37: 29 | B37: Петровский | C37: Опубликованы, или внесение изменений в решение не осуществлялось | D37: Word | F37: =IF(C37=$C$5,2,0) -> 2 | I37: 0.5 | J37: =F37*(1-H37)*(1-I37)*(1-G37) -> 1 | K37: https://petrovsk64.ru/sub-org/fin-upr/otkrytyy-byudzhet/byudzhet/izmeneniya-v-byudzhet/ | L37: Решения о внесении изменений в решение о бюджете должны быть опубликованы не позднее 15 рабочих дней после подписания решения и сохраняться не менее трех лет (дата последнего изменения опубликованного файла решения от 26.05.2021 - 30.06.2021)
A38: 30 | B38: Питерский | C38: Опубликованы, или внесение изменений в решение не осуществлялось | D38: Word | F38: =IF(C38=$C$5,2,0) -> 2 | J38: =F38*(1-H38)*(1-I38)*(1-G38) -> 2 | K38: http://питерка.рф/ekonomika-i-byudzhet/byudzhet-piterskogo-mr/resheniya-o-byudzhete/reshenie-o-byudzhete-na-2021-god-i-planovyy-period-2022-i-2023-godov/
A39: 31 | B39: Пугачевский | C39: Опубликованы, или внесение изменений в решение не осуществлялось | D39: Word | F39: =IF(C39=$C$5,2,0) -> 2 | J39: =F39*(1-H39)*(1-I39)*(1-G39) -> 2 | K39: http://pugachev-adm.ru/izmeneniya-v-byudzhet-2021
A40: 32 | B40: Ровенский | C40: Опубликованы, или внесение изменений в решение не осуществлялось | D40: Word, Excel | F40: =IF(C40=$C$5,2,0) -> 2 | J40: =F40*(1-H40)*(1-I40)*(1-G40) -> 2 | K40: http://rovnoe.sarmo.ru/2021-god-.php?clear_cache=Y
A41: 33 | B41: Романовский | C41: Опубликованы, или внесение изменений в решение не осуществлялось | D41: Word | F41: =IF(C41=$C$5,2,0) -> 2 | J41: =F41*(1-H41)*(1-I41)*(1-G41) -> 2 | K41: http://romanovka.sarmo.ru/byudzhet-dlya-grazhdan/byudzhet-romanovskogo-munitsipalnogo-rayona/resheniya-byudzheta/
A42: 34 | B42: Ртищевский | C42: Опубликованы, или внесение изменений в решение не осуществлялось | D42: Word | F42: =IF(C42=$C$5,2,0) -> 2 | J42: =F42*(1-H42)*(1-I42)*(1-G42) -> 2 | K42: http://rtishevo.sarmo.ru/finansovyy-organ/rtishchevskiy-munitsipalnyy-rayon/2021-god/resheniya-o-byudzhete-i-vnesenii-izmeneniy-v-byudzhet-munitsipalnogo-rayona/
A43: 35 | B43: Самойловский | C43: Опубликованы, или внесение изменений в решение не осуществлялось | D43: Word, Excel | F43: =IF(C43=$C$5,2,0) -> 2 | J43: =F43*(1-H43)*(1-I43)*(1-G43) -> 2 | K43: https://sam64.ru/ekonomika-i-byudzhet/byudzhet/resheniya-o-byudzhete/ | L43: Изменения в решение о бюджете по указанной ссылке публикуются, однако возможность проверки регулярности их размещения в полном объеме отсутствует (актуализированной версии решения о бюджете на сайте нет). Обратите внимание, не у всех приложений к решениям имеются полные или краткие названия.
A44: 36 | B44: Саратовский | C44: Не опубликованы или опубликованы в отдельных случаях | D44: Word, Excel | F44: =IF(C44=$C$5,2,0) -> 0 | J44: =F44*(1-H44)*(1-I44)*(1-G44) -> 0 | K44: https://saratovskiyraion.ru/mestnyy-byudzhet/reshenie-o-byudzhete/ | L44: С заголовка «Решение Собрания депутатов Саратовского муниципального района от 25.06.2021 г. №1-07/339 О внесении изменений и дополнений в решение Собрания депутатов Саратовского муниципального района от 22.12. 2020 г. № 1-07/ 250 «О бюджете Саратовского муниципального района на 2021 год и на плановый период 2022 и 2023 годов» и «Решение собрания депутатов Саратовского муниципального района от 14.09.2021 г. № 1-07/358 «О внесении изменений и дополнений в решение собрания депутатов Саратовского муниципального района от 22.12.2020 г. № 1-07/250 «О бюджете Саратовского муниципального района на 2021 год и на плановый период 2022 и 2023 годов» происходит скачивание архива от 24.12.2020 То есть решений №1-07/358 и 1-07/339 на сайте нет.
A45: 37 | B45: Советский | C45: Не опубликованы или опубликованы в отдельных случаях | D45: Word | F45: =IF(C45=$C$5,2,0) -> 0 | J45: =F45*(1-H45)*(1-I45)*(1-G45) -> 0 | K45: https://stepnoe-adm.ru/administration/use-budget-funds/mestnyy-byudzhet/ | L45: В решении № 319 от 17.02.2021 не открываются приложения 6,7,8, в решении № 350 от 30.06.2021 не открывается приложение 7.
A46: 38 | B46: Татищевский | C46: Опубликованы, или внесение изменений в решение не осуществлялось | D46: Word | F46: =IF(C46=$C$5,2,0) -> 2 | I46: 0.5 | J46: =F46*(1-H46)*(1-I46)*(1-G46) -> 1 | K46: http://tatishevo.saratov.gov.ru/index.php?option=com_content&view=article&id=5630:2021-&catid=64:2009-12-20-17-44-19&Itemid=91 | L46: Решения о внесении изменений в решение о бюджете должны быть опубликованы не позднее 15 рабочих дней после подписания решения и сохраняться не менее трех лет (дата последнего изменения опубликованного файла решения от 08.06.2021 - 27.07.2021, от 18.08.2021- 05.10.2021, от 03.09.2021 - 05.10.2021)
A47: 39 | B47: Турковский | C47: Опубликованы, или внесение изменений в решение не осуществлялось | D47: Word | F47: =IF(C47=$C$5,2,0) -> 2 | J47: =F47*(1-H47)*(1-I47)*(1-G47) -> 2 | K47: http://turki.sarmo.ru/otkrytyy-byudzhet/resheniya-o-byudzhete/
A48: 40 | B48: Федоровский | C48: Опубликованы, или внесение изменений в решение не осуществлялось | D48: Word, Excel | F48: =IF(C48=$C$5,2,0) -> 2 | J48: =F48*(1-H48)*(1-I48)*(1-G48) -> 2 | K48: http://fedormr.ru/byudzhet/2021/index.php
A49: 41 | B49: Хвалынский | C49: Опубликованы, или внесение изменений в решение не осуществлялось | D49: Word, Excel, PDF | F49: =IF(C49=$C$5,2,0) -> 2 | J49: =F49*(1-H49)*(1-I49)*(1-G49) -> 2 | K49: http://hvalynsk.sarmo.ru/administratsiya-khvalynskogo-munitsipalnogo-rayona/byudzhet/resheniya/index.php
A50: 42 | B50: Энгельсский | C50: Опубликованы, или внесение изменений в решение не осуществлялось | D50: Web, Word, Exel | F50: =IF(C50=$C$5,2,0) -> 2 | J50: =F50*(1-H50)*(1-I50)*(1-G50) -> 2 | K50: https://www.engels-city.ru/resheniya-o-byudzhete

Sheet Показатель 5.2
A1: 5.2. Актуализированная версия решения о бюджете муниципального образования на текущий финансовый год (текущий финансовый год и плановый период) с учетом внесенных изменений на портале (сайте)
A2: Комментарий:
A3: ='Методика III этап'!B12 -> В целях оценки показателя учитывается публикация актуализированной версии решения о бюджете, с учетом всех принятых на дату проведения мониторинга решений о внесении изменений в бюджет. Учитывается публикация актуализированной версии решения о бюджете со всеми приложениями, публикация отдельных составляющих в целях оценки показателя не учитывается. В случае если внесение изменений в решение о бюджете на текущий год (на текущий год и плановый период) на момент проведения мониторинга не осуществлялось, в целях оценки показателя учитывается публикация принятого решения о бюджете муниципального образования на текущий финансовый год (текущий финансовый год и плановый период). Актуализированная версия решения о бюджете должна быть опубликована в течение одного месяца после подписания решения о внесении изменения в решение о бюджете муниципального образования и сохраняться не менее трех лет. При нарушении указанного срока применяется понижающий коэффициент за несоблюдение сроков обеспечения доступа к бюджетным данным. В случае, если в установленный срок документ не размещен, оценка показателя принимает значение 0 баллов.
A4: № п/п | B4: Наименование муниципального образования Саратовской обалсти | C4: ='Методика III этап'!B11 -> Опубликование актуализированной версии решения о бюджете муниципального образования на текущий финансовый год (на текущий финансовый год и плановый период) с учетом внесенных изменений на портале (сайте) | D4: Формат | E4: Доступность (указать, если возникли трудности с поиском документа, если переход осуществляется более, чем за 5 «кликов» с основной страницы портала (сайта), если название раздела не соответствует содержанию) | F4: Оценка показателя 5.2 | K4: Ссылка на источник данных | L4: Комментарии
B5: Варианты ответов | C5: ='Методика III этап'!B13 -> Опубликована в структурированном виде, с указанием полных или кратких наименований всех составляющих | D5: Word, Excel, PDF | F5: баллы | G5: понижающие коэффициенты | J5: Итого
C6: ='Методика III этап'!B14 -> Опубликована, но не в структурированном виде и (или) без указания полных или кратких наименований всех составляющих | G6: графический формат | H6: затруднен-ный поиск | I6: несоблюде-ние сроков
C7: ='Методика III этап'!B15 -> Не опубликована
B8: Городские округа
A9: 1 | B9: г. Саратов | C9: Опубликована в структурированном виде, с указанием полных или кратких наименований всех составляющих | D9: Word | F9: =IF(C9=$C$5,2,IF(C9=$C$6,1,0)) -> 2 | J9: =F9*(1-G9)*(1-H9)*(1-I9) -> 2 | K9: https://saratovmer.ru/budget/rubrics/1/1312.html
A10: 2 | B10: п. Михайловское | C10: Опубликована, но не в структурированном виде и (или) без указания полных или кратких наименований всех составляющих | D10: Jpg, Excel | E10: Постановляющая часть решения опубликована в виде картинки | F10: =IF(C10=$C$5,2,IF(C10=$C$6,1,0)) -> 1 | G10: 0.5 | J10: =F10*(1-H10)*(1-I10) -> 1 | K10: http://www.mihailovski.ru/byudzhet-mo-na-2021-2023-gody-/resheniya-o-byudzhete-/
A11: 3 | B11: ЗАТО Светлый | C11: Опубликована в структурированном виде, с указанием полных или кратких наименований всех составляющих | D11: Web, Word | F11: =IF(C11=$C$5,2,IF(C11=$C$6,1,0)) -> 2 | J11: =F11*(1-H11)*(1-I11) -> 2 | K11: https://www.zatosvetly.ru/city/economics_amp_finance/byudzhet-gorodskogo-okruga/byudzhet-gorodskogo-okruga-zato-svetlyy/2021-g/index.php?ELEMENT_ID=15882
A12: 4 | B12: г. Шиханы | C12: Не опубликована | F12: =IF(C12=$C$5,2,IF(C12=$C$6,1,0)) -> 0 | J12: =F12*(1-H12)*(1-I12) -> 0 | K12: http://zatoshihany.ru/budget/reshenie-o-byudzhete/2021/ | L12: Ссылка предоставлена на раздел «Исполнение бюджета». Актуализированная версия решения о бюджете с учетом всех всех решений о внесеннии изменений не опубликована и на сайте не найдена.
B13: Муниципальные районы
A14: 5 | B14: Александрово-Гайский | C14: Опубликована, но не в структурированном виде и (или) без указания полных или кратких наименований всех составляющих | D14: Word | F14: =IF(C14=$C$5,2,IF(C14=$C$6,1,0)) -> 1 | J14: =F14*(1-H14)*(1-I14)*(1-G14) -> 1 | K14: http://algay.sarmo.ru/byudzhet-ekonomika-finansy/resheniya-mun-sobraniya.php?sphrase_id=4394
A15: 6 | B15: Аркадакский | C15: Опубликована в структурированном виде, с указанием полных или кратких наименований всех составляющих | D15: Word | F15: =IF(C15=$C$5,2,IF(C15=$C$6,1,0)) -> 2 | J15: =F15*(1-H15)*(1-I15)*(1-G15) -> 2 | K15: http://arkadak.sarmo.ru/byudzhet-munitsipalnogo-rayona/reshenie-o-byudzhete/byudzhet2021.php
A16: 7 | B16: Аткарский | C16: Опубликована в структурированном виде, с указанием полных или кратких наименований всех составляющих | D16: Word, Excel | F16: =IF(C16=$C$5,2,IF(C16=$C$6,1,0)) -> 2 | J16: =F16*(1-H16)*(1-I16)*(1-G16) -> 2 | K16: http://atkarsk.moyaokruga.ru/CityListArticles.aspx?categoryid=494
A17: 8 | B17: Базарно-Карабулакский | C17: Опубликована в структурированном виде, с указанием полных или кратких наименований всех составляющих | D17: Word, Excel | F17: =IF(C17=$C$5,2,IF(C17=$C$6,1,0)) -> 2 | J17: =F17*(1-H17)*(1-I17)*(1-G17) -> 2 | K17: https://admbk.ru/administration/finansovoe-upravlenie/byudzhet/2021-god/
A18: 9 | B18: Балаковский | C18: Опубликована в структурированном виде, с указанием полных или кратких наименований всех составляющих | D18: Word | F18: =IF(C18=$C$5,2,IF(C18=$C$6,1,0)) -> 2 | J18: =F18*(1-H18)*(1-I18)*(1-G18) -> 2 | K18: http://balkomfin.ru/
A19: 10 | B19: Балашовский | C19: Опубликована в структурированном виде, с указанием полных или кратких наименований всех составляющих | D19: Word | F19: =IF(C19=$C$5,2,IF(C19=$C$6,1,0)) -> 2 | J19: =F19*(1-H19)*(1-I19)*(1-G19) -> 2 | K19: http://baladmin.ru/byudzhet-na-2021-god-i-planovyy-period-2022-i-2023-godov.php
A20: 11 | B20: Балтайский | C20: Не опубликована | F20: =IF(C20=$C$5,2,IF(C20=$C$6,1,0)) -> 0 | J20: =F20*(1-H20)*(1-I20)*(1-G20) -> 0 | K20: http://adm-baltay.ru/finansovoe-upravlenie/resheniya-o-mestnom-byudzhete-na-2021-god-i-planovyj-period-2022-2023-gg/ | L20: Актуализированная версия решения о бюджете муниципального образования на текущий финансовый год по предоставленной ссылке и на сайте не найдена.
A21: 12 | B21: Вольский | C21: Не опубликована | F21: =IF(C21=$C$5,2,IF(C21=$C$6,1,0)) -> 0 | J21: =F21*(1-H21)*(1-I21)*(1-G21) -> 0 | K21: http://volsk-ms.ru/2019-god/ | L21: При переходе по предоставленной ссылке http://volsk-ms.ru/2021-god/ появляется ошибка 404 «Страница не найдена.» Актуализированная версия решения о бюджете муниципального образования на текущий финансовый год по предоставленной ссылке и на сайте не найдена.
A22: 13 | B22: Воскресенский | C22: Не опубликована | F22: =IF(C22=$C$5,2,IF(C22=$C$6,1,0)) -> 0 | J22: =F22*(1-H22)*(1-I22)*(1-G22) -> 0 | L22: На сайте информация не опубликована.
A23: 14 | B23: Дергачевский | C23: Опубликована в структурированном виде, с указанием полных или кратких наименований всех составляющих | D23: Word, Excel | F23: =IF(C23=$C$5,2,IF(C23=$C$6,1,0)) -> 2 | J23: =F23*(1-H23)*(1-I23)*(1-G23) -> 2 | K23: http://dergachi.sarmo.ru/sobranie-dergachevskogo-munitsipalnogo-rayona/resheniya-o-byudzhete-s-izmeneniyami/
A24: 15 | B24: Духовницкий | C24: Опубликована в структурированном виде, с указанием полных или кратких наименований всех составляющих | D24: Web, Word | F24: =IF(C24=$C$5,2,IF(C24=$C$6,1,0)) -> 2 | I24: 0.5 | J24: =F24*(1-H24)*(1-I24)*(1-G24) -> 1 | K24: http://duhovnitskoe.sarmo.ru/ispolnenie-byudzheta/byudzhet-2021/ | L24: Актуализированная версия решения о бюджете должна быть опубликована в течение одного месяца после подписания решения о внесении изменения в решение о бюджете муниципального образования и сохраняться не менее трех лет (актуализированная версия с учетом внесения изменений в решение о бюджете от 26.08.2021, а приложение 2 к актуализированной версии размещено 01.10.2021)
A25: 16 | B25: Екатериновский | C25: Не опубликована | F25: =IF(C25=$C$5,2,IF(C25=$C$6,1,0)) -> 0 | J25: =F25*(1-H25)*(1-I25)*(1-G25) -> 0 | K25: http://ekaterinovka.sarmo.ru/finansovoe-upravlenie-administratsii/ | L25: При переходе по предоставленной ссылке http://ekaterinovka.sarmo.ru/finansovoe-upravlenie-administratsii/ карта сайта. Актуализированная версия решения о бюджете муниципального образования на текущий финансовый год по предоставленной ссылке и на сайте не найдена.
A26: 17 | B26: Ершовский | C26: Опубликована в структурированном виде, с указанием полных или кратких наименований всех составляющих | D26: Word | F26: =IF(C26=$C$5,2,IF(C26=$C$6,1,0)) -> 2 | J26: =F26*(1-H26)*(1-I26)*(1-G26) -> 2 | K26: https://adminemr.ru/byudzhet-i-finansy/byudzhet/aktualizirovannaya-versiya-byudzheta-emr-2021-goda/
A27: 18 | B27: Ивантеевский | C27: Опубликована в структурированном виде, с указанием полных или кратких наименований всех составляющих | D27: Word | F27: =IF(C27=$C$5,2,IF(C27=$C$6,1,0)) -> 2 | J27: =F27*(1-H27)*(1-I27)*(1-G27) -> 2 | K27: http://ivanteevka.sarmo.ru/byudzhet-dlya-grazhdan/npa/2021/
A28: 19 | B28: Калининский | C28: Опубликована, но не в структурированном виде и (или) без указания полных или кратких наименований всех составляющих | D28: Word | F28: =IF(C28=$C$5,2,IF(C28=$C$6,1,0)) -> 1 | J28: =F28*(1-H28)*(1-I28)*(1-G28) -> 1 | K28: http://kalininsk.sarmo.ru/otkrytyybyudzhet/resheniya-o-byudzhete/resheniya-o-byudzhete-2021.php
A29: 20 | B29: Красноармейский | C29: Опубликована, но не в структурированном виде и (или) без указания полных или кратких наименований всех составляющих | D29: Word, Excel | E29: Лишняя папка в архиве. В папке лежат лишние файлы. | F29: =IF(C29=$C$5,2,IF(C29=$C$6,1,0)) -> 1 | I29: 0.5 | J29: =F29*(1-H29)*(1-I29)*(1-G29) -> 0.5 | K29: https://krasnoarmeysk64.ru/krasnoarmeyskiy-rayon/byudzhet/resheniya-o-byudzhete-krasnoarmeyskogo-munitsipalnogo-rayona-s-dopolneniyami-i-izmeneniyami/reshenie-byudzheta-2021.php?clear_cache=Y | L29: Актуализированная версия решения о бюджете должна быть опубликована в течение одного месяца после подписания решения о внесении изменения в решение о бюджете муниципального образования и сохраняться не менее трех лет (актуализированная версия с учетом внесения изменений в решение о бюджете от 25.08.2021 размещено 30.09.2021)
A30: 21 | B30: Краснокутский | C30: Опубликована в структурированном виде, с указанием полных или кратких наименований всех составляющих | D30: Word | F30: =IF(C30=$C$5,2,IF(C30=$C$6,1,0)) -> 2 | J30: =F30*(1-H30)*(1-I30)*(1-G30) -> 2 | K30: https://krasny-kut.ru/finansy/byudzhet-rayona/ | L30: При переходе по предоставленной ссылке http://krasny-kut.ru/municipal_noe_sobranie/oficial_nye_dokumenty/reshenij_sobraniya_deputatov/ появляется ошибка 404 «Страница не найдена.»
A31: 22 | B31: Краснопартизанский | C31: Опубликована в структурированном виде, с указанием полных или кратких наименований всех составляющих | D31: Word, Excel | F31: =IF(C31=$C$5,2,IF(C31=$C$6,1,0)) -> 2 | J31: =F31*(1-H31)*(1-I31)*(1-G31) -> 2 | K31: https://adminkmr.ru/byudzhet/byudzhet-munitsipalnogo-rayona/byudzhet-rayona-2021.php
A32: 23 | B32: Лысогорский | C32: Опубликована в структурированном виде, с указанием полных или кратких наименований всех составляющих | D32: Word, Excel | F32: =IF(C32=$C$5,2,IF(C32=$C$6,1,0)) -> 2 | J32: =F32*(1-H32)*(1-I32)*(1-G32) -> 2 | K32: http://adm.lysyegory.ru/base/byudzhet-municipalnogo-raiona/actual-versia-budjeta
A33: 24 | B33: Марксовский | C33: Опубликована в структурированном виде, с указанием полных или кратких наименований всех составляющих | D33: Web, Word, Excel | F33: =IF(C33=$C$5,2,IF(C33=$C$6,1,0)) -> 2 | J33: =F33*(1-H33)*(1-I33)*(1-G33) -> 2 | K33: https://marksadm.ru/r-o-b.html
A34: 25 | B34: Новобурасский | C34: Опубликована в структурированном виде, с указанием полных или кратких наименований всех составляющих | D34: Web, Word, Excel | F34: =IF(C34=$C$5,2,IF(C34=$C$6,1,0)) -> 2 | J34: =F34*(1-H34)*(1-I34)*(1-G34) -> 2 | K34: http://www.nbfin.ru/resheniya_o_byudzhetah/novoburasskogo_municipal_nogo_rajona/aktualizirovannoe_reshenie_o_byudzhete/2021_god/
A35: 26 | B35: Новоузенский | C35: Опубликована, но не в структурированном виде и (или) без указания полных или кратких наименований всех составляющих | D35: Word | F35: =IF(C35=$C$5,2,IF(C35=$C$6,1,0)) -> 1 | J35: =F35*(1-H35)*(1-I35)*(1-G35) -> 1 | K35: http://www.novouzensk.ru/budget%20for%20people/byudzhet-dlya-grazhdan-2021-2023/
A36: 27 | B36: Озинский | C36: Опубликована в структурированном виде, с указанием полных или кратких наименований всех составляющих | D36: Word | F36: =IF(C36=$C$5,2,IF(C36=$C$6,1,0)) -> 2 | J36: =F36*(1-H36)*(1-I36)*(1-G36) -> 2 | K36: http://ozinki.sarmo.ru/byudzhet/byudzhet-munitsipalnogo-rayona.php?ELEMENT_ID=5965
A37: 28 | B37: Перелюбский | C37: Не опубликована | F37: =IF(C37=$C$5,2,IF(C37=$C$6,1,0)) -> 0 | J37: =F37*(1-H37)*(1-I37)*(1-G37) -> 0 | K37: https://xn--90ahanfef3akn5l.xn--p1ai/munitsipalnoe-sobranie-rayona/byudzhet-rayona/ | L37: Актуализированная версия решения о бюджете муниципального образования на текущий финансовый год по предоставленной ссылке и на сайте не найдена.
A38: 29 | B38: Петровский | C38: Опубликована в структурированном виде, с указанием полных или кратких наименований всех составляющих | D38: Web, Word | F38: =IF(C38=$C$5,2,IF(C38=$C$6,1,0)) -> 2 | J38: =F38*(1-H38)*(1-I38)*(1-G38) -> 2 | K38: https://petrovsk64.ru/sub-org/fin-upr/otkrytyy-byudzhet/byudzhet/aktualnaya-versiya-byudzheta/2021/
A39: 30 | B39: Питерский | C39: Опубликована в структурированном виде, с указанием полных или кратких наименований всех составляющих | D39: Word | F39: =IF(C39=$C$5,2,IF(C39=$C$6,1,0)) -> 2 | J39: =F39*(1-H39)*(1-I39)*(1-G39) -> 2 | K39: http://питерка.рф/ekonomika-i-byudzhet/byudzhet-piterskogo-mr/resheniya-o-byudzhete/reshenie-o-byudzhete-na-2021-god-i-planovyy-period-2022-i-2023-godov/
A40: 31 | B40: Пугачевский | C40: Опубликована в структурированном виде, с указанием полных или кратких наименований всех составляющих | D40: Word | F40: =IF(C40=$C$5,2,IF(C40=$C$6,1,0)) -> 2 | J40: =F40*(1-H40)*(1-I40)*(1-G40) -> 2 | K40: http://pugachev-adm.ru/aktualizirovannyiy-byudzhet-2/aktualizirovannyiy-byudzhet-2021/aktualizirovannyiy-byudzhet-na-13-avgusta-2021-goda
A41: 32 | B41: Ровенский | C41: Опубликована в структурированном виде, с указанием полных или кратких наименований всех составляющих | D41: Word, Excel | F41: =IF(C41=$C$5,2,IF(C41=$C$6,1,0)) -> 2 | J41: =F41*(1-H41)*(1-I41)*(1-G41) -> 2 | K41: http://rovnoe.sarmo.ru/2021-god-.php?clear_cache=Y
A42: 33 | B42: Романовский | C42: Опубликована в структурированном виде, с указанием полных или кратких наименований всех составляющих | D42: Word | F42: =IF(C42=$C$5,2,IF(C42=$C$6,1,0)) -> 2 | J42: =F42*(1-H42)*(1-I42)*(1-G42) -> 2 | K42: http://romanovka.sarmo.ru/byudzhet-dlya-grazhdan/byudzhet-romanovskogo-munitsipalnogo-rayona/resheniya-byudzheta/
A43: 34 | B43: Ртищевский | C43: Опубликована в структурированном виде, с указанием полных или кратких наименований всех составляющих | D43: Web, Word, Excel | F43: =IF(C43=$C$5,2,IF(C43=$C$6,1,0)) -> 2 | J43: =F43*(1-H43)*(1-I43)*(1-G43) -> 2 | K43: http://rtishevo.sarmo.ru/finansovyy-organ/rtishchevskiy-munitsipalnyy-rayon/2021-god/resheniya-o-byudzhete-i-vnesenii-izmeneniy-v-byudzhet-munitsipalnogo-rayona/
A44: 35 | B44: Самойловский | C44: Не опубликована | F44: =IF(C44=$C$5,2,IF(C44=$C$6,1,0)) -> 0 | J44: =F44*(1-H44)*(1-I44)*(1-G44) -> 0 | K44: https://sam64.ru/ekonomika-i-byudzhet/byudzhet/resheniya-o-byudzhete/ | L44: Актуализированная версия решения о бюджете муниципального образования на текущий финансовый год по предоставленной ссылке и на сайте не найдена.
A45: 36 | B45: Саратовский | C45: Опубликована в структурированном виде, с указанием полных или кратких наименований всех составляющих | D45: Web,Excel | F45: =IF(C45=$C$5,2,IF(C45=$C$6,1,0)) -> 2 | J45: =F45*(1-H45)*(1-I45)*(1-G45) -> 2 | K45: http://saratovskiyraion.ru/mestnyy-byudzhet/reshenie-o-byudzhete/28092021.php?clear_cache=Y | L45: Обратите внимание, отсутствует возможность скачать текстовую часть документа, только приложения.
A46: 37 | B46: Советский | C46: Опубликована в структурированном виде, с указанием полных или кратких наименований всех составляющих | D46: Word | F46: =IF(C46=$C$5,2,IF(C46=$C$6,1,0)) -> 2 | J46: =F46*(1-H46)*(1-I46)*(1-G46) -> 2 | K46: https://stepnoe-adm.ru/administration/use-budget-funds/mestnyy-byudzhet/ | L46: Обратите внимание, в постановляющей части актуализированной версии решения о бюджете не указан перечень решений о внесении изменений.
A47: 38 | B47: Татищевский | C47: Не опубликована | F47: =IF(C47=$C$5,2,IF(C47=$C$6,1,0)) -> 0 | J47: =F47*(1-H47)*(1-I47)*(1-G47) -> 0 | K47: http://tatishevo.saratov.gov.ru/index.php?option=com_content&view=article&id=5630:2021-&catid=64:2009-12-20-17-44-19&Itemid=91 | L47: Актуализированная версия решения о бюджете муниципального образования на текущий финансовый год по предоставленной ссылке и на сайте не найдена.
A48: 39 | B48: Турковский | C48: Опубликована в структурированном виде, с указанием полных или кратких наименований всех составляющих | D48: Web, Word | F48: =IF(C48=$C$5,2,IF(C48=$C$6,1,0)) -> 2 | J48: =F48*(1-H48)*(1-I48)*(1-G48) -> 2 | K48: http://turki.sarmo.ru/otkrytyy-byudzhet/resheniya-o-byudzhete/ | L48: Обратите внимание, отсутствует возможность скачать текстовую часть документа, только приложения.
A49: 40 | B49: Федоровский | C49: Опубликована в структурированном виде, с указанием полных или кратких наименований всех составляющих | D49: Word, Excel | F49: =IF(C49=$C$5,2,IF(C49=$C$6,1,0)) -> 2 | J49: =F49*(1-H49)*(1-I49)*(1-G49) -> 2 | K49: http://fedormr.ru/byudzhet/2021/index.php
A50: 41 | B50: Хвалынский | C50: Опубликована в структурированном виде, с указанием полных или кратких наименований всех составляющих | D50: Word, Excel | F50: =IF(C50=$C$5,2,IF(C50=$C$6,1,0)) -> 2 | J50: =F50*(1-H50)*(1-I50)*(1-G50) -> 2 | K50: http://hvalynsk.sarmo.ru/administratsiya-khvalynskogo-munitsipalnogo-rayona/byudzhet/resheniya/index.php
A51: 42 | B51: Энгельсский | C51: Опубликована в структурированном виде, с указанием полных или кратких наименований всех составляющих | D51: Web, Word, Exel | F51: =IF(C51=$C$5,2,IF(C51=$C$6,1,0)) -> 2 | J51: =F51*(1-H51)*(1-I51)*(1-G51) -> 2 | K51: https://www.engels-city.ru/resheniya-o-byudzhete/61466-reshenie222-28-2019ot25122019

Sheet Показатель 6.1
A1: 6.1. Отчеты об исполнении бюджета муниципального образования за первый квартал, полугодие, девять месяцев текущего финансового года на портале (сайте)
A2: Комментарий:
A3: В целях оценки показателя учитываются официальные документы, принятые администрацией муниципального образования. Иные документы и материалы в целях оценки данного показателя не учитываются. Опубликованные сведения в обязательном порядке должны содержать: а) наименование, номер и дату муниципального правового акта об утверждении отчета; б) должность, фамилию и инициалы лица, подписавшего муниципальный правовой акт об утверждении отчета. Учитывается публикация отчетов со всеми приложениями, публикация отдельных составляющих в целях оценки показателя не учитывается. Графический формат допускается для публикация постановляющей части муниципального правового акта об утверждении отчета и не допускается для публикации приложений к отчету (содержательной части). Отчет об исполнении бюджета муниципального образования за первый квартал, полугодие, девять месяцев текущего года должен быть опубликован в течение трех месяцев после окончания отчетного периода и сохраняться не менее трех лет. При нарушении указанного срока применяется понижающий коэффициент за несоблюдение сроков обеспечения доступа к бюджетным данным.
A4: № п/п | B4: Вопрос | C4: ='Методика III этап'!B17 -> Опубликование отчетов об исполнении бюджета муниципального образования за первый квартал, полугодие, девять месяцев текущего финансового года на портале (сайте) | D4: Формат | E4: Доступность (указать, если возникли трудности с поиском документа, если переход осуществляется более, чем за 5 «кликов» с основной страницы портала (сайта), если название раздела не соответствует содержанию) | F4: Оценка показателя 6.1 | K4: Ссылка на источник данных | L4: Комментарии
B5: Варианты ответов | C5: ='Методика III этап'!B19 -> Опубликованы за все отчетные периоды | D5: Word, Excel, PDF | F5: баллы | G5: понижающие коэффициенты | J5: Итого
C6: ='Методика III этап'!B20 -> Не опубликованы или публикуются нерегулярно, или не отвечают требованиям | G6: графический формат | H6: затруднен-ный поиск | I6: несоблюде-ние сроков
B7: Городские округа
A8: 1 | B8: г. Саратов | C8: Опубликованы за все отчетные периоды | D8: PDF, Word, Excel | F8: =IF(C8=$C$5,1,0) -> 1 | J8: =F8*(1-G8)*(1-H8)*(1-I8) -> 1 | K8: https://saratovmer.ru/budget/rubrics/2/1317.html
A9: 2 | B9: п. Михайловское | C9: Опубликованы за все отчетные периоды | D9: Jpg , Excel | F9: =IF(C9=$C$5,1,0) -> 1 | J9: =F9*(1-G9)*(1-H9)*(1-I9) -> 1 | K9: http://www.mihailovski.ru/byudzhet-mo-na-2021-2023-gody-/ispolnenie-byudzheta/
A10: 3 | B10: ЗАТО Светлый | C10: Опубликованы за все отчетные периоды | D10: Jpg ,Word | F10: =IF(C10=$C$5,1,0) -> 1 | J10: =F10*(1-G10)*(1-H10)*(1-I10) -> 1 | K10: https://www.zatosvetly.ru/city/economics_amp_finance/byudzhet-gorodskogo-okruga/informatsiya-ob-ispolnenii-byudzheta-gorodskogo-okruga-zato-svetlyy/2021/
A11: 4 | B11: г. Шиханы | C11: Опубликованы за все отчетные периоды | D11: PDF, Word | F11: =IF(C11=$C$5,1,0) -> 1 | J11: =F11*(1-G11)*(1-H11)*(1-I11) -> 1 | K11: http://zatoshihany.ru/budget/ispolnenie-byudzheta/2021/otchet-ob-ispolnenii-byudzheta/
B12: Муниципальные районы
A13: 5 | B13: Александрово-Гайский | C13: Не опубликованы или публикуются нерегулярно, или не отвечают требованиям | D13: Word | F13: =IF(C13=$C$5,1,0) -> 0 | J13: =F13*(1-G13)*(1-H13)*(1-I13) -> 0 | K13: http://algay.sarmo.ru/byudzhet-ekonomika-finansy/ispolnenie-byudzheta.php | L13: Не соблюден формат размещения постановляющей части документа (либо PDF, либо JPG), отсутствует подпись должностного лица и печать.
A14: 6 | B14: Аркадакский | C14: Опубликованы за все отчетные периоды | D14: PDF, Word | F14: =IF(C14=$C$5,1,0) -> 1 | J14: =F14*(1-G14)*(1-H14)*(1-I14) -> 1 | K14: http://arkadak.sarmo.ru/byudzhet-munitsipalnogo-rayona/otchetnost-ob-ispolnenii-byudzheta-munitsipalnogo-rayona.php
A15: 7 | B15: Аткарский | C15: Не опубликованы или публикуются нерегулярно, или не отвечают требованиям | D15: Word | F15: =IF(C15=$C$5,1,0) -> 0 | J15: =F15*(1-G15)*(1-H15)*(1-I15) -> 0 | K15: http://atkarsk.moyaokruga.ru/CityListArticles.aspx?categoryid=512 | L15: Не соблюден формат размещения постановляющей части документа (либо PDF, либо JPG), отсутствует подпись должностного лица и печать.
A16: 8 | B16: Базарно-Карабулакский | C16: Опубликованы за все отчетные периоды | D16: PDF,Exel | F16: =IF(C16=$C$5,1,0) -> 1 | J16: =F16*(1-G16)*(1-H16)*(1-I16) -> 1 | K16: https://admbk.ru/administration/finansovoe-upravlenie/byudzhet/ispolnenie-byudzheta/
A17: 9 | B17: Балаковский | C17: Опубликованы за все отчетные периоды | D17: PDF, Word, Excel | F17: =IF(C17=$C$5,1,0) -> 1 | J17: =F17*(1-G17)*(1-H17)*(1-I17) -> 1 | K17: http://balkomfin.ru/
A18: 10 | B18: Балашовский | C18: Опубликованы за все отчетные периоды | D18: Jpg, Word | E18: Лишние папки в архивах | F18: =IF(C18=$C$5,1,0) -> 1 | J18: =F18*(1-G18)*(1-H18)*(1-I18) -> 1 | K18: http://baladmin.ru/administration/divisions-structure/finance/ezhekvartalnye-svedeniya-ob-utverzhdenii-otcheta-ob-ispolnenii-byudzheta.php
A19: 11 | B19: Балтайский | C19: Не опубликованы или публикуются нерегулярно, или не отвечают требованиям | D19: PDF,Exel | F19: =IF(C19=$C$5,1,0) -> 0 | J19: =F19*(1-G19)*(1-H19)*(1-I19) -> 0 | K19: http://adm-baltay.ru/finansovoe-upravlenie/rasporyazheniya-ob-utverzhdenii-otchetov-ob-ispolnenii-mestnogo-byudzheta/ | L19: По представленной ссылке размещен только отчет об исполнении бюджета МО за 1 квартал 2021 года.
A20: 12 | B20: Вольский | C20: Не опубликованы или публикуются нерегулярно, или не отвечают требованиям | F20: =IF(C20=$C$5,1,0) -> 0 | J20: =F20*(1-G20)*(1-H20)*(1-I20) -> 0 | L20: На сайте информация не опубликована.
A21: 13 | B21: Воскресенский | C21: Не опубликованы или публикуются нерегулярно, или не отвечают требованиям | F21: =IF(C21=$C$5,1,0) -> 0 | J21: =F21*(1-G21)*(1-H21)*(1-I21) -> 0 | K21: http://voskresensk64.ru/administration/statistics/ispolnenie-byudzheta/informatsiya-ob-ispolnenii-byudzheta-pokvartalnaya/ | L21: В целях оценки показателя учитываются официальные документы, принятые администрацией муниципального образования. Необходимо опубликовать решения об утверждении отчета на все отчетные даты с приложениями, соблюдая требования к формату.
A22: 14 | B22: Дергачевский | C22: Опубликованы за все отчетные периоды | D22: Jpg, Word | F22: =IF(C22=$C$5,1,0) -> 1 | J22: =F22*(1-G22)*(1-H22)*(1-I22) -> 1 | K22: http://dergachi.sarmo.ru/finansy/otchety/
A23: 15 | B23: Духовницкий | C23: Не опубликованы или публикуются нерегулярно, или не отвечают требованиям | D23: Word, Excel | F23: =IF(C23=$C$5,1,0) -> 0 | J23: =F23*(1-G23)*(1-H23)*(1-I23) -> 0 | K23: http://duhovnitskoe.sarmo.ru/ispolnenie-byudzheta/byudzhet-2021/otchet-ob-ispolnenii-byudzheta/ | L23: Не соблюден формат размещения постановляющей части документа (либо PDF, либо JPG), отсутствует подпись должностного лица и печать.
A24: 16 | B24: Екатериновский | C24: Не опубликованы или публикуются нерегулярно, или не отвечают требованиям | D24: Word | F24: =IF(C24=$C$5,1,0) -> 0 | J24: =F24*(1-G24)*(1-H24)*(1-I24) -> 0 | K24: http://ekaterinovka.sarmo.ru/finansovoe-upravlenie/byudzhet/ | L24: При переходе по предоставленной ссылке http://ekaterinovka.sarmo.ru/finansovoe-upravlenie-administratsii/ карта сайта. По представленной ссылке не размещен отчет об исполнении бюджета МО за 1 квартал 2021 года. Не соблюден формат размещения постановляющей части документа (либо PDF, либо JPG), отсутствует подпись должностного лица и печать.
A25: 17 | B25: Ершовский | C25: Опубликованы за все отчетные периоды | D25: Word, Excel, Jpg, PDF | E25: Лишняя папка в архиве | F25: =IF(C25=$C$5,1,0) -> 1 | J25: =F25*(1-G25)*(1-H25)*(1-I25) -> 1 | K25: https://adminemr.ru/byudzhet-i-finansy/svedeniya-ob-ispolnenii-byudzheta/otchety-ob-ispolnenii-byudzheta/
A26: 18 | B26: Ивантеевский | C26: Опубликованы за все отчетные периоды | D26: PDF, Excel, | F26: =IF(C26=$C$5,1,0) -> 1 | J26: =F26*(1-G26)*(1-H26)*(1-I26) -> 1 | K26: http://ivanteevka.sarmo.ru/byudzhet-dlya-grazhdan/promezhutochnaya-otchetnost-ob-ispolnenii-byudzheta-i-analiticheskie-dannye/otchet-ob-ispolnenii-byudzheta/2021-god.php
A27: 19 | B27: Калининский | C27: Опубликованы за все отчетные периоды | D27: Jpg, Excel | F27: =IF(C27=$C$5,1,0) -> 1 | I27: 0.5 | J27: =F27*(1-G27)*(1-H27)*(1-I27) -> 0.5 | K27: http://kalininsk.sarmo.ru/otkrytyybyudzhet/promezhutochnaya-otchetnost-ob-ispolneniibyudzheta-i-analiticheskie-dannye/otchet-ob-ispolnenii-byudzheta-zagod/otchet-ob-ispolnenii-byudzheta-zagod-2021.php | L27: Отчет об исполнении бюджета муниципального образования за первый квартал, полугодие, девять месяцев текущего года должен быть опубликован в течение трех месяцев после окончания отчетного периода (дата изменения файлов отчета за 1 квартал -28.09.2021)
A28: 20 | B28: Красноармейский | C28: Опубликованы за все отчетные периоды | D28: PDF, Word, Excel | F28: =IF(C28=$C$5,1,0) -> 1 | J28: =F28*(1-G28)*(1-H28)*(1-I28) -> 1 | K28: https://krasnoarmeysk64.ru/krasnoarmeyskiy-rayon/byudzhet/otchet-ob-ispolnenii-byudzheta-krasnoarmeyskogo-munitsipalnogo-rayona/2021.php?clear_cache=Y
A29: 21 | B29: Краснокутский | C29: Опубликованы за все отчетные периоды | D29: PDF, JPG, Excel | F29: =IF(C29=$C$5,1,0) -> 1 | J29: =F29*(1-G29)*(1-H29)*(1-I29) -> 1 | K29: https://krasny-kut.ru/finansy/informatsiya-i-otchety/
A30: 22 | B30: Краснопартизанский | C30: Опубликованы за все отчетные периоды | D30: PDF, Word, Excel | F30: =IF(C30=$C$5,1,0) -> 1 | G30: 0.5 | J30: =F30*(1-G30)*(1-H30)*(1-I30) -> 0.5 | K30: https://adminkmr.ru/byudzhet/ispolnenie-byudzheta/ispolnenie-byudzheta-za-2021-god.php | L30: Приложение к отчету за 1 кв. 2021 года опубликовано в графическом формате
A31: 23 | B31: Лысогорский | C31: Не опубликованы или публикуются нерегулярно, или не отвечают требованиям | F31: =IF(C31=$C$5,1,0) -> 0 | J31: =F31*(1-G31)*(1-H31)*(1-I31) -> 0 | K31: http://adm.lysyegory.ru/base/byudzhet-municipalnogo-raiona/ispolnenie-byudzheta-mr-i-finansovyi-kontrol | L31: На сайте информация не опубликована.
A32: 24 | B32: Марксовский | C32: Опубликованы за все отчетные периоды | D32: PDF, Excel | F32: =IF(C32=$C$5,1,0) -> 1 | I32: 0.5 | J32: =F32*(1-G32)*(1-H32)*(1-I32) -> 0.5 | K32: https://marksadm.ru/icp-b.html | L32: Отчет об исполнении бюджета муниципального образования за первый квартал, полугодие, девять месяцев текущего года должен быть опубликован в течение трех месяцев после окончания отчетного периода и сохраняться не менее трех лет (отчет за 1 кв. опубликован 13.07.2021)
A33: 25 | B33: Новобурасский | C33: Опубликованы за все отчетные периоды | D33: PDF, Word | F33: =IF(C33=$C$5,1,0) -> 1 | J33: =F33*(1-G33)*(1-H33)*(1-I33) -> 1 | K33: http://www.nbfin.ru/byudzhet_dlya_grazhdan/na_tekuwij_god/ezhekvartal_nyj_otchet_ob_ispolnenii_byudzheta/2021_god/
A34: 26 | B34: Новоузенский | C34: Не опубликованы или публикуются нерегулярно, или не отвечают требованиям | D34: JPG, Excel | F34: =IF(C34=$C$5,1,0) -> 0 | J34: =F34*(1-G34)*(1-H34)*(1-I34) -> 0 | K34: http://www.novouzensk.ru/budget%20for%20people/byudzhet-dlya-grazhdan-2021-2023/ispolnenie-byudzheta/ | L34: По предоставленной ссылке размещены правовые акты, утверждающие отчеты. Но приложения к этим правовым актам представляют из себя некорректно выгруженные из программы Свод-смарт таблицы, где отсутствуют понятные для пользователя данные по исполнению бюджета (вместо понятных наименований строк стоят счета). То есть это не те таблицы, которые утверждаются правовыми актами.
A35: 27 | B35: Озинский | C35: Опубликованы за все отчетные периоды | D35: JPG, Word, Exel | F35: =IF(C35=$C$5,1,0) -> 1 | J35: =F35*(1-G35)*(1-H35)*(1-I35) -> 1 | K35: http://ozinki.sarmo.ru/byudzhet/ispolnenie-byudzheta.php?ELEMENT_ID=6238
A36: 28 | B36: Перелюбский | C36: Опубликованы за все отчетные периоды | D36: PDF, Exel | F36: =IF(C36=$C$5,1,0) -> 1 | J36: =F36*(1-G36)*(1-H36)*(1-I36) -> 1 | K36: https://xn--90ahanfef3akn5l.xn--p1ai/dokumenty/byudzhet-dlya-grazhdan/
A37: 29 | B37: Петровский | C37: Опубликованы за все отчетные периоды | D37: PDF, Excel | F37: =IF(C37=$C$5,1,0) -> 1 | J37: =F37*(1-G37)*(1-H37)*(1-I37) -> 1 | K37: https://petrovsk64.ru/sub-org/fin-upr/otkrytyy-byudzhet/otchetnost/
A38: 30 | B38: Питерский | C38: Опубликованы за все отчетные периоды | D38: PDF | F38: =IF(C38=$C$5,1,0) -> 1 | G38: 0.5 | J38: =F38*(1-G38)*(1-H38)*(1-I38) -> 0.5 | K38: http://питерка.рф/ekonomika-i-byudzhet/byudzhet-piterskogo-mr/ispolnenie-mestnogo-byudzheta/ispolnenie-byudzheta-za-2021-god/ | L38: Графический формат допускается для опубликования постановляющей части муниципального правового акта об утверждении отчета и не допускается для опубликования приложений к отчету (содержательной части).
A39: 31 | B39: Пугачевский | C39: Опубликованы за все отчетные периоды | D39: PDF, Word | F39: =IF(C39=$C$5,1,0) -> 1 | J39: =F39*(1-G39)*(1-H39)*(1-I39) -> 1 | K39: http://pugachev-adm.ru/ispolnenie-byudzheta/ispolnenie-byudzheta-2021
A40: 32 | B40: Ровенский | C40: Опубликованы за все отчетные периоды | D40: PDF, Excel | F40: =IF(C40=$C$5,1,0) -> 1 | J40: =F40*(1-G40)*(1-H40)*(1-I40) -> 1 | K40: http://rovnoe.sarmo.ru/byudzhet/ispolnenie-byudzheta-munitsipalnogo-rayona/
A41: 33 | B41: Романовский | C41: Опубликованы за все отчетные периоды | D41: PDF, Excel | F41: =IF(C41=$C$5,1,0) -> 1 | J41: =F41*(1-G41)*(1-H41)*(1-I41) -> 1 | K41: http://romanovka.sarmo.ru/byudzhet-dlya-grazhdan/byudzhet-romanovskogo-munitsipalnogo-rayona/ispolnenie-byudzheta-romanovskogo-munitsipalnogo-rayona-i-finansovyy-kontrol/otchetnost-ob-ispolnenii-byudzheta/
A42: 34 | B42: Ртищевский | C42: Опубликованы за все отчетные периоды | D42: Word, Excel,PDF | F42: =IF(C42=$C$5,1,0) -> 1 | J42: =F42*(1-G42)*(1-H42)*(1-I42) -> 1 | K42: http://rtishevo.sarmo.ru/finansovyy-organ/rtishchevskiy-munitsipalnyy-rayon/2021-god/dokumenty-o-khode-ispolneniya-byudzheta-munitsipalnogo-rayona/
A43: 35 | B43: Самойловский | C43: Не опубликованы или публикуются нерегулярно, или не отвечают требованиям | F43: =IF(C43=$C$5,1,0) -> 0 | J43: =F43*(1-G43)*(1-H43)*(1-I43) -> 0 | K43: https://sam64.ru/ekonomika-i-byudzhet/byudzhet/ispolnenie-byudzheta/ | L43: В целях оценки показателя учитываются официальные документы, принятые администрацией муниципального образования. Необходимо опубликовать решения об утверждении отчета на все отчетные даты с приложениями, соблюдая требования к формату.
A44: 36 | B44: Саратовский | C44: Не опубликованы или публикуются нерегулярно, или не отвечают требованиям | F44: =IF(C44=$C$5,1,0) -> 0 | J44: =F44*(1-G44)*(1-H44)*(1-I44) -> 0 | K44: http://saratovskiyraion.ru/mestnyy-byudzhet/ispolnenie-byudzheta/ | L44: В целях оценки показателя учитываются официальные документы, принятые администрацией муниципального образования. Необходимо опубликовать решения об утверждении отчета на все отчетные даты с приложениями, соблюдая требования к формату.
A45: 37 | B45: Советский | C45: Не опубликованы или публикуются нерегулярно, или не отвечают требованиям | D45: PDF, Word,Excel | F45: =IF(C45=$C$5,1,0) -> 0 | J45: =F45*(1-G45)*(1-H45)*(1-I45) -> 0 | K45: https://stepnoe-adm.ru/administration/use-budget-funds/novyy-razdel/ | L45: Не соблюден формат размещения постановляющей части документа за 1 квартал (либо PDF, либо JPG), отсутствует подпись должностного лица и печать. Раздел не структурирован.
A46: 38 | B46: Татищевский | C46: Не опубликованы или публикуются нерегулярно, или не отвечают требованиям | D46: Word,Exel | E46: Лишняя папка в архиве | F46: =IF(C46=$C$5,1,0) -> 0 | J46: =F46*(1-G46)*(1-H46)*(1-I46) -> 0 | K46: http://tatishevo.saratov.gov.ru/index.php?option=com_content&view=article&id=5491:2021----&catid=64:2009-12-20-17-44-19&Itemid=91 | L46: Не соблюден формат размещения постановляющей части документа (либо PDF, либо JPG), отсутствует подпись должностного лица и печать в Постановлении об утверждении отчета за 1 квартал и полугодие 2021 года.
A47: 39 | B47: Турковский | C47: Опубликованы за все отчетные периоды | D47: JPG,Exel,Word | F47: =IF(C47=$C$5,1,0) -> 1 | H47: 0.5 | J47: =F47*(1-G47)*(1-H47)*(1-I47) -> 0.5 | K47: http://turki.sarmo.ru/otkrytyy-byudzhet/promezhutochnaya-otchetnost-ob-ispolnenii-byudzheta-i-analiticheskie-dannye/otchet-ob-ispolnenii-byudzheta/ | L47: Обратите внимание, в приложении к распоряжению об утверждении отчета за 1 квартал ошибка в реквизитах внутри файла.
A48: 40 | B48: Федоровский | C48: Опубликованы за все отчетные периоды | D48: PDF, Excel, Word | F48: =IF(C48=$C$5,1,0) -> 1 | J48: =F48*(1-G48)*(1-H48)*(1-I48) -> 1 | K48: http://fedormr.ru/byudzhet/2021/index.php
A49: 41 | B49: Хвалынский | C49: Опубликованы за все отчетные периоды | D49: PDF, Excel, Word | F49: =IF(C49=$C$5,1,0) -> 1 | J49: =F49*(1-G49)*(1-H49)*(1-I49) -> 1 | K49: http://hvalynsk.sarmo.ru/administratsiya-khvalynskogo-munitsipalnogo-rayona/byudzhet/ispolnenii-byudzheta/
A50: 42 | B50: Энгельсский | C50: Опубликованы за все отчетные периоды | D50: PDF, JPG, Excel | F50: =IF(C50=$C$5,1,0) -> 1 | J50: =F50*(1-G50)*(1-H50)*(1-I50) -> 1 | K50: https://www.engels-city.ru/mestnyj-byudzhet

Sheet Показатель 6.2
A1: 6.2. Ежеквартальные сведения об исполнении бюджета муниципального образования
A2: Комментарий:
A3: ='Методика III этап'!B22 -> В том числе, должна быть представлена следующая информация: 1) исполнение по видам доходов до уровня подгруппы или статьи классификации доходов бюджетов; 2) исполнение по расходам в разрезе разделов и подразделов классификации расходов; 3) исполнение по расходам в разрезе муниципальных программ. Указанные сведения должны быть опубликованы в течение одного месяца после окончания отчетного периода и сохраняться не менее трех лет. При нарушении указанного срока применяется понижающий коэффициент за несоблюдение сроков обеспечения доступа к бюджетным данным.
A4: № п/п | B4: Вопрос | C4: ='Методика III этап'!B21 -> Ежеквартальное опубликование сведений об исполнении бюджета муниципального образования в сравнении с запланированными значениями на соответствующий период (финансовый год) и с соответствующим периодом прошлого года на портале (сайте) | D4: Формат | E4: Доступность (указать, если возникли трудности с поиском документа, если переход осуществляется более, чем за 5 «кликов» с основной страницы портала (сайта), если название раздела не соответствует содержанию) | F4: Оценка показателя 6.2 | K4: Ссылка на источник данных | L4: Комментарии
B5: Варианты ответов | C5: ='Методика III этап'!B23 -> Опубликованы за все отчетные периоды по всем указанным элементам | D5: Word, Excel, PDF | F5: баллы | G5: понижающие коэффициенты | J5: Итого
C6: ='Методика III этап'!B24 -> Опубликованы за все отчетные периоды по двум ключевым элементам | G6: графический формат | H6: затруднен-ный поиск | I6: несоблюде-ние сроков
C7: ='Методика III этап'!B25 -> Не опубликованы или публикуются нерегулярно, или не отвечают требованиям
B8: Городские округа
A9: 1 | B9: г. Саратов | C9: Опубликованы за все отчетные периоды по всем указанным элементам | D9: Excel, Word | F9: =IF(C9=$C$5,2,IF(C9=$C$6,1,0)) -> 2 | J9: =F9*(1-G9)*(1-H9)*(1-I9) -> 2 | K9: https://saratovmer.ru/budget/rubrics/2/1317.html
A10: 2 | B10: п. Михайловское | C10: Опубликованы за все отчетные периоды по всем указанным элементам | D10: Excel | F10: =IF(C10=$C$5,2,IF(C10=$C$6,1,0)) -> 2 | J10: =F10*(1-G10)*(1-H10)*(1-I10) -> 2 | K10: http://www.mihailovski.ru/byudzhet-mo-na-2021-2023-gody-/ispolnenie-byudzheta/ | L10: В «Сведениях о расходах в разрезе муниципальных программ» желательно добавить колонку «Темп роста» к соответствующему периоду прошлого года
A11: 3 | B11: ЗАТО Светлый | C11: Опубликованы за все отчетные периоды по всем указанным элементам | D11: Word | F11: =IF(C11=$C$5,2,IF(C11=$C$6,1,0)) -> 2 | J11: =F11*(1-G11)*(1-H11)*(1-I11) -> 2 | K11: https://www.zatosvetly.ru/city/economics_amp_finance/byudzhet-gorodskogo-okruga/informatsiya-ob-ispolnenii-byudzheta-gorodskogo-okruga-zato-svetlyy/2021/
A12: 4 | B12: г. Шиханы | C12: Не опубликованы или публикуются нерегулярно, или не отвечают требованиям | F12: =IF(C12=$C$5,2,IF(C12=$C$6,1,0)) -> 0 | J12: =F12*(1-G12)*(1-H12)*(1-I12) -> 0 | L12: Ссылка не предоставлена. На сайте информация не опубликована.
B13: Муниципальные районы
A14: 5 | B14: Александрово-Гайский | C14: Опубликованы за все отчетные периоды по двум ключевым элементам | F14: =IF(C14=$C$5,2,IF(C14=$C$6,1,0)) -> 1 | I14: 0.5 | J14: =F14*(1-G14)*(1-H14)*(1-I14) -> 0.5 | K14: http://algay.sarmo.ru/byudzhet-ekonomika-finansy/ispolnenie-byudzheta.php | L14: Сведения об исполнении бюджета Александрово-Гайского муниципального района за 1 квартал 2021года размещены 24.09.2021 г. Данные по муниципальным программам отсутствуют.
A15: 6 | B15: Аркадакский | C15: Опубликованы за все отчетные периоды по всем указанным элементам | D15: Excel | F15: =IF(C15=$C$5,2,IF(C15=$C$6,1,0)) -> 2 | I15: 0.5 | J15: =F15*(1-G15)*(1-H15)*(1-I15) -> 1 | K15: http://arkadak.sarmo.ru/byudzhet-munitsipalnogo-rayona/ispolnenie-dokhodnoy-chasti-byudzheta.php ; http://arkadak.sarmo.ru/byudzhet-munitsipalnogo-rayona/ispolnenie-raskhodnoy-chasti-byudzheta.php | L15: Файл «Справка об исполнении доходов бюджета за I квартал 2021 года» размещен 13.05.2021, «Сведения о расходах бюджета Аркадакского муниципального района за I квартал 2021 года» - 08.06.2021, «Сведения о расходах бюджета Аркадакского муниципального района за II квартал 2021 года.» - 02.08.2021
A16: 7 | B16: Аткарский | C16: Опубликованы за все отчетные периоды по двум ключевым элементам | D16: Excel | F16: =IF(C16=$C$5,2,IF(C16=$C$6,1,0)) -> 1 | J16: =F16*(1-G16)*(1-H16)*(1-I16) -> 1 | K16: http://atkarsk.moyaokruga.ru/CityListArticles.aspx?categoryid=512 | L16: Информация по исполнению бюджета по муниципальным программам представлена только за 1 квартал.
A17: 8 | B17: Базарно-Карабулакский | C17: Опубликованы за все отчетные периоды по всем указанным элементам | D17: Excel | F17: =IF(C17=$C$5,2,IF(C17=$C$6,1,0)) -> 2 | J17: =F17*(1-G17)*(1-H17)*(1-I17) -> 2 | K17: https://admbk.ru/administration/finansovoe-upravlenie/byudzhet/ispolnenie-byudzheta/
A18: 9 | B18: Балаковский | C18: Опубликованы за все отчетные периоды по всем указанным элементам | D18: Excel | F18: =IF(C18=$C$5,2,IF(C18=$C$6,1,0)) -> 2 | J18: =F18*(1-G18)*(1-H18)*(1-I18) -> 2 | K18: http://balkomfin.ru/
A19: 10 | B19: Балашовский | C19: Опубликованы за все отчетные периоды по всем указанным элементам | D19: Excel | F19: =IF(C19=$C$5,2,IF(C19=$C$6,1,0)) -> 2 | J19: =F19*(1-G19)*(1-H19)*(1-I19) -> 2 | K19: http://baladmin.ru/2021.php?clear_cache=Y
A20: 11 | B20: Балтайский | C20: Не опубликованы или публикуются нерегулярно, или не отвечают требованиям | D20: Excel, Word | F20: =IF(C20=$C$5,2,IF(C20=$C$6,1,0)) -> 0 | J20: =F20*(1-G20)*(1-H20)*(1-I20) -> 0 | K20: http://adm-baltay.ru/finansovoe-upravlenie/ispolnenie-mestnogo-byudzheta/ | L20: Представление информации в сравнения с соответствующим периодом прошлого года - наличие колонки «темп роста», а не двух листов с исполнением периода текущего года и аналогичного периода прошлого года. Файлов много, но не один не отвечает требованием методики. Данные по муниципальным программам представлены на 30/31 числа отчетного месяца, а не на 1 число месяца, следующего за отчетным. Сведения желательнее размещать в хронологическом порядке по годам.
A21: 12 | B21: Вольский | C21: Не опубликованы или публикуются нерегулярно, или не отвечают требованиям | F21: =IF(C21=$C$5,2,IF(C21=$C$6,1,0)) -> 0 | J21: =F21*(1-G21)*(1-H21)*(1-I21) -> 0 | L21: На сайте информация не опубликована.
A22: 13 | B22: Воскресенский | C22: Не опубликованы или публикуются нерегулярно, или не отвечают требованиям | F22: =IF(C22=$C$5,2,IF(C22=$C$6,1,0)) -> 0 | J22: =F22*(1-G22)*(1-H22)*(1-I22) -> 0 | K22: http://voskresensk64.ru/administration/statistics/ispolnenie-byudzheta/svedeniya-o-chislennosti-munitsipalnykh-sluzhashchikh-rabotnikov-munitsipalnykh-uchrezhdeniy-rayona/ | L22: По указанной ссылке и на сайте оцениваемая информация не опубликована.
A23: 14 | B23: Дергачевский | C23: Опубликованы за все отчетные периоды по двум ключевым элементам | D23: Word | F23: =IF(C23=$C$5,2,IF(C23=$C$6,1,0)) -> 1 | J23: =F23*(1-G23)*(1-H23)*(1-I23) -> 1 | K23: http://dergachi.sarmo.ru/finansy/otchety/ | L23: Постановление с приложением к нему должно размещаться отдельным файлом, как документ, а дополнительные сведения об исполнении бюджета - другими файлами. Не нужно все смешивать в один файл. По предоставленной ссылке отсутствует информация об исполнении по расходам в разрезе муниципальных программ.
A24: 15 | B24: Духовницкий | C24: Не опубликованы или публикуются нерегулярно, или не отвечают требованиям | D24: Excel, Word | F24: =IF(C24=$C$5,2,IF(C24=$C$6,1,0)) -> 0 | J24: =F24*(1-G24)*(1-H24)*(1-I24) -> 0 | K24: http://duhovnitskoe.sarmo.ru/ispolnenie-byudzheta/byudzhet-2021/ezhekvartalnye-svedeniya/ | L24: Иформация об исполнении по расходам в разрезе разделов и подразделов классификации расходов представлена без сравнения с аналогичным периодом прошлого года. По предоставленной ссылке отсутствует информация об исполнении по расходам в разрезе муниципальных программ. Файл «Исполнение бюджета Духовницкого муниципального района на 01.07.2021» года размещен 01.10.2021
A25: 16 | B25: Екатериновский | C25: Не опубликованы или публикуются нерегулярно, или не отвечают требованиям | F25: =IF(C25=$C$5,2,IF(C25=$C$6,1,0)) -> 0 | J25: =F25*(1-G25)*(1-H25)*(1-I25) -> 0 | K25: http://ekaterinovka.sarmo.ru/finansovoe-upravlenie/byudzhet/ | L25: При переходе по предоставленной ссылке http://ekaterinovka.sarmo.ru/finansovoe-upravlenie-administratsii/ карта сайта. На сайте информация не опубликована.
A26: 17 | B26: Ершовский | C26: Не опубликованы или публикуются нерегулярно, или не отвечают требованиям | D26: Word | F26: =IF(C26=$C$5,2,IF(C26=$C$6,1,0)) -> 0 | J26: =F26*(1-G26)*(1-H26)*(1-I26) -> 0 | K26: https://adminemr.ru/byudzhet-i-finansy/svedeniya-ob-ispolnenii-byudzheta/otchety-ob-ispolnenii-byudzheta/ | L26: Информация на 01.04.2021 года отсутствует. По предоставленной ссылке отсутствует информация об исполнении по расходам в разрезе муниципальных программ.
A27: 18 | B27: Ивантеевский | C27: Опубликованы за все отчетные периоды по всем указанным элементам | D27: Word | F27: =IF(C27=$C$5,2,IF(C27=$C$6,1,0)) -> 2 | J27: =F27*(1-G27)*(1-H27)*(1-I27) -> 2 | K27: http://ivanteevka.sarmo.ru/byudzhet-dlya-grazhdan/promezhutochnaya-otchetnost-ob-ispolnenii-byudzheta-i-analiticheskie-dannye/ezhekvartalnye-svedeniya-ob-ispolnenii-byudzheta/2021-god.php
A28: 19 | B28: Калининский | C28: Опубликованы за все отчетные периоды по всем указанным элементам | D28: Word | F28: =IF(C28=$C$5,2,IF(C28=$C$6,1,0)) -> 2 | I28: 0.5 | J28: =F28*(1-G28)*(1-H28)*(1-I28) -> 1 | K28: http://kalininsk.sarmo.ru/otkrytyybyudzhet/promezhutochnaya-otchetnost-ob-ispolneniibyudzheta-i-analiticheskie-dannye/ezhekvartalnye-svedeniya-ob-ispolnenii-byudzheta/ezhekvartalnye-svedeniya-ob-ispolnenii-byudzheta-2021.php | L28: Не соблюден месячный срок публикации сведений (дата изменения файлов за 1 кв. 28.06.2021 и 30.06.2021, дата изменения файлов за 1 полугодие -23.09.2021 и 28.09.2021).
A29: 20 | B29: Красноармейский | C29: Опубликованы за все отчетные периоды по всем указанным элементам | D29: Excel | F29: =IF(C29=$C$5,2,IF(C29=$C$6,1,0)) -> 2 | J29: =F29*(1-G29)*(1-H29)*(1-I29) -> 2 | K29: https://krasnoarmeysk64.ru/krasnoarmeyskiy-rayon/byudzhet/otchet-ob-ispolnenii-byudzheta-krasnoarmeyskogo-munitsipalnogo-rayona/ispolnenie-byudzheta-2021.php?clear_cache=Y ; https://krasnoarmeysk64.ru/krasnoarmeyskiy-rayon/byudzhet/otchet-ob-ispolnenii-byudzheta-krasnoarmeyskogo-munitsipalnogo-rayona/munitsipalnye-programmy-2021.php?clear_cache=Y
A30: 21 | B30: Краснокутский | C30: Опубликованы за все отчетные периоды по всем указанным элементам | D30: Excel | F30: =IF(C30=$C$5,2,IF(C30=$C$6,1,0)) -> 2 | J30: =F30*(1-G30)*(1-H30)*(1-I30) -> 2 | K30: https://krasny-kut.ru/finansy/informatsiya-i-otchety/
A31: 22 | B31: Краснопартизанский | C31: Опубликованы за все отчетные периоды по всем указанным элементам | D31: Excel | F31: =IF(C31=$C$5,2,IF(C31=$C$6,1,0)) -> 2 | J31: =F31*(1-G31)*(1-H31)*(1-I31) -> 2 | K31: https://adminkmr.ru/byudzhet/ispolnenie-byudzheta/ispolnenie-byudzheta-za-2021-god.php
A32: 23 | B32: Лысогорский | C32: Опубликованы за все отчетные периоды по всем указанным элементам | D32: Excel | F32: =IF(C32=$C$5,2,IF(C32=$C$6,1,0)) -> 2 | J32: =F32*(1-G32)*(1-H32)*(1-I32) -> 2 | K32: http://adm.lysyegory.ru/base/byudzhet-municipalnogo-raiona/ispolnenie-byudzheta-mr-i-finansovyi-kontrol | L32: Раздел не структурирован. Обратите внимание, что ежеквартальные сведения составляются на 1-ое число месяца, следующего за отчетным кварталом, а не на 31 число последнего месяца квартала
A33: 24 | B33: Марксовский | C33: Опубликованы за все отчетные периоды по всем указанным элементам | D33: Excel | F33: =IF(C33=$C$5,2,IF(C33=$C$6,1,0)) -> 2 | J33: =F33*(1-G33)*(1-H33)*(1-I33) -> 2 | K33: https://marksadm.ru/icp-b.html
A34: 25 | B34: Новобурасский | C34: Опубликованы за все отчетные периоды по всем указанным элементам | D34: Word | F34: =IF(C34=$C$5,2,IF(C34=$C$6,1,0)) -> 2 | J34: =F34*(1-G34)*(1-H34)*(1-I34) -> 2 | K34: http://www.nbfin.ru/byudzhet_dlya_grazhdan/na_tekuwij_god/ezhekvartal_nye_svedeniya_ob_ispolnenii_byudzheta/2021_god/
A35: 26 | B35: Новоузенский | C35: Опубликованы за все отчетные периоды по всем указанным элементам | D35: Excel | F35: =IF(C35=$C$5,2,IF(C35=$C$6,1,0)) -> 2 | J35: =F35*(1-G35)*(1-H35)*(1-I35) -> 2 | K35: http://www.novouzensk.ru/budget%20for%20people/byudzhet-dlya-grazhdan-2021-2023/ispolnenie-byudzheta/
A36: 27 | B36: Озинский | C36: Опубликованы за все отчетные периоды по всем указанным элементам | D36: Excel, Word | F36: =IF(C36=$C$5,2,IF(C36=$C$6,1,0)) -> 2 | J36: =F36*(1-G36)*(1-H36)*(1-I36) -> 2 | K36: http://ozinki.sarmo.ru/byudzhet/ispolnenie-byudzheta.php?ELEMENT_ID=6238 | L36: В таблицах по исполнению доходной и расходной части отсутствует графа «% испол. 2021 г к 2020 г »
A37: 28 | B37: Перелюбский | C37: Опубликованы за все отчетные периоды по всем указанным элементам | D37: Excel | F37: =IF(C37=$C$5,2,IF(C37=$C$6,1,0)) -> 2 | J37: =F37*(1-G37)*(1-H37)*(1-I37) -> 2 | K37: https://xn--90ahanfef3akn5l.xn--p1ai/dokumenty/byudzhet-dlya-grazhdan/
A38: 29 | B38: Петровский | C38: Опубликованы за все отчетные периоды по двум ключевым элементам | D38: Excel | F38: =IF(C38=$C$5,2,IF(C38=$C$6,1,0)) -> 1 | J38: =F38*(1-G38)*(1-H38)*(1-I38) -> 1 | K38: https://petrovsk64.ru/sub-org/fin-upr/otkrytyy-byudzhet/otchetnost/ | L38: Отсутствуют сведения по исполнению по расходам в разрезе муниципальных программ за 1 квартал.
A39: 30 | B39: Питерский | C39: Опубликованы за все отчетные периоды по всем указанным элементам | D39: Excel | F39: =IF(C39=$C$5,2,IF(C39=$C$6,1,0)) -> 2 | I39: 0.5 | J39: =F39*(1-G39)*(1-H39)*(1-I39) -> 1 | K39: http://xn--80ajijwim.xn--p1ai/ekonomika-i-byudzhet/byudzhet-piterskogo-mr/ezhekvartalnye-svedeniya-ob-ispolnenii-byudzheta/ezhekvartalnye-svedeniya-ob-ispolnenii-byudzheta-za-2021-god/; http://xn--80ajijwim.xn--p1ai/ekonomika-i-byudzhet/byudzhet-piterskogo-mr/ezhekvartalnye-svedeniya-ob-ispolnenii-munitsipalnykh-programm/ezhekvartalnye-svedeniya-ob-ispolnenii-munitsipalnykh-programm-za-2021-god/ | L39: Не соблюден месчный срок опубликования сведений об исполнении бюджета по всем элементам за 1 квартал 2021 года (дата изменения сведений по доходам и расходам - 21.08.2021, по муниципальным программам - 19.07.2021)
A40: 31 | B40: Пугачевский | C40: Опубликованы за все отчетные периоды по всем указанным элементам | D40: Excel | F40: =IF(C40=$C$5,2,IF(C40=$C$6,1,0)) -> 2 | J40: =F40*(1-G40)*(1-H40)*(1-I40) -> 2 | K40: http://pugachev-adm.ru/byudzhet-rayona-2/reyting-otkryitosti-byudzheta/svedeniya-ob-ispolnenii-byudzheta-2021
A41: 32 | B41: Ровенский | C41: Опубликованы за все отчетные периоды по всем указанным элементам | D41: Excel | F41: =IF(C41=$C$5,2,IF(C41=$C$6,1,0)) -> 2 | J41: =F41*(1-G41)*(1-H41)*(1-I41) -> 2 | K41: http://rovnoe.sarmo.ru/byudzhet/ispolnenie-byudzheta-munitsipalnogo-rayona/
A42: 33 | B42: Романовский | C42: Опубликованы за все отчетные периоды по всем указанным элементам | D42: Excel | F42: =IF(C42=$C$5,2,IF(C42=$C$6,1,0)) -> 2 | J42: =F42*(1-G42)*(1-H42)*(1-I42) -> 2 | K42: http://romanovka.sarmo.ru/byudzhet-dlya-grazhdan/byudzhet-romanovskogo-munitsipalnogo-rayona/ispolnenie-byudzheta-romanovskogo-munitsipalnogo-rayona-i-finansovyy-kontrol/otchetnost-ob-ispolnenii-byudzheta/
A43: 34 | B43: Ртищевский | C43: Опубликованы за все отчетные периоды по всем указанным элементам | D43: Excel | F43: =IF(C43=$C$5,2,IF(C43=$C$6,1,0)) -> 2 | J43: =F43*(1-G43)*(1-H43)*(1-I43) -> 2 | K43: http://rtishevo.sarmo.ru/finansovyy-organ/rtishchevskiy-munitsipalnyy-rayon/2021-god/dokumenty-o-khode-ispolneniya-byudzheta-munitsipalnogo-rayona/
A44: 35 | B44: Самойловский | C44: Опубликованы за все отчетные периоды по двум ключевым элементам | D44: Excel | F44: =IF(C44=$C$5,2,IF(C44=$C$6,1,0)) -> 1 | J44: =F44*(1-G44)*(1-H44)*(1-I44) -> 1 | K44: https://sam64.ru/ekonomika-i-byudzhet/byudzhet/ispolnenie-byudzheta/ | L44: Отсутствуют сведения по исполнению по расходам в разрезе муниципальных программ
A45: 36 | B45: Саратовский | C45: Опубликованы за все отчетные периоды по всем указанным элементам | D45: Excel | F45: =IF(C45=$C$5,2,IF(C45=$C$6,1,0)) -> 2 | J45: =F45*(1-G45)*(1-H45)*(1-I45) -> 2 | K45: http://saratovskiyraion.ru/mestnyy-byudzhet/ispolnenie-byudzheta/
A46: 37 | B46: Советский | C46: Опубликованы за все отчетные периоды по двум ключевым элементам | D46: Excel | F46: =IF(C46=$C$5,2,IF(C46=$C$6,1,0)) -> 1 | J46: =F46*(1-G46)*(1-H46)*(1-I46) -> 1 | K46: https://stepnoe-adm.ru/administration/use-budget-funds/novyy-razdel/ | L46: Отсутствуют сведения по исполнению по расходам в разрезе муниципальных программ. Раздел не структурирован.
A47: 38 | B47: Татищевский | C47: Опубликованы за все отчетные периоды по всем указанным элементам | D47: Excel | E47: Лишняя папка в архиве, оцениваемый документ открывается на 7 клик | F47: =IF(C47=$C$5,2,IF(C47=$C$6,1,0)) -> 2 | H47: 0.5 | J47: =F47*(1-G47)*(1-H47)*(1-I47) -> 1 | K47: http://tatishevo.saratov.gov.ru/index.php?option=com_content&view=article&id=5491:2021----&catid=64:2009-12-20-17-44-19&Itemid=91
A48: 39 | B48: Турковский | C48: Опубликованы за все отчетные периоды по всем указанным элементам | D48: Excel | F48: =IF(C48=$C$5,2,IF(C48=$C$6,1,0)) -> 2 | H48: 0.5 | J48: =F48*(1-G48)*(1-H48)*(1-I48) -> 1 | K48: http://turki.sarmo.ru/otkrytyy-byudzhet/promezhutochnaya-otchetnost-ob-ispolnenii-byudzheta-i-analiticheskie-dannye/ezhekvartalnye-svedeniya-ob-ispolnenii-byudzheta/ | L48: Обратите внимание, в заголовке файла со сведениями о расходах в разрезе муниципальных программ за 1 квартал 2021 года указан 2020 год
A49: 40 | B49: Федоровский | C49: Опубликованы за все отчетные периоды по всем указанным элементам | D49: Excel,Word | F49: =IF(C49=$C$5,2,IF(C49=$C$6,1,0)) -> 2 | J49: =F49*(1-G49)*(1-H49)*(1-I49) -> 2 | K49: http://fedormr.ru/byudzhet/2021/index.php | L49: В сведениях расходов в разрезе муниципальных программ отсутствуют колонки сравнения исполнения бюджета состветствующих периодов.
A50: 41 | B50: Хвалынский | C50: Опубликованы за все отчетные периоды по всем указанным элементам | D50: Excel | F50: =IF(C50=$C$5,2,IF(C50=$C$6,1,0)) -> 2 | J50: =F50*(1-G50)*(1-H50)*(1-I50) -> 2 | K50: http://hvalynsk.sarmo.ru/administratsiya-khvalynskogo-munitsipalnogo-rayona/byudzhet/ispolnenii-byudzheta/
A51: 42 | B51: Энгельсский | C51: Опубликованы за все отчетные периоды по всем указанным элементам | D51: Excel,Word | F51: =IF(C51=$C$5,2,IF(C51=$C$6,1,0)) -> 2 | J51: =F51*(1-G51)*(1-H51)*(1-I51) -> 2 | K51: https://www.engels-city.ru/mestnyj-byudzhet

Sheet Показатель 6.3
A1: 6.3. Ежеквартальные сведения об объеме муниципального долга муниципального образования
A2: Комментарий:
A3: ='Методика III этап'!B27 -> В целях оценки показателя учитывается публикация сведений об объеме муниципального долга муниципального образования на начало и на конец отчетного периода по видам долговых обязательств или по видам заимствований. Указанные сведения должны быть опубликованы в течение одного месяца после окончания отчетного периода и сохраняться не менее трех лет. При нарушении указанного срока применяется понижающий коэффициент за несоблюдение сроков обеспечения доступа к бюджетным данным.
A4: № п/п | B4: Вопрос | C4: ='Методика III этап'!B26 -> Ежеквартальное опубликование сведений об объеме муниципального долга муниципального образования на начало и на конец отчетного периода на портале (сайте) | D4: Формат | E4: Доступность (указать, если возникли трудности с поиском документа, если переход осуществляется более, чем за 5 «кликов» с основной страницы портала (сайта), если название раздела не соответствует содержанию) | F4: Оценка показателя 6.3 | K4: Ссылка на источник данных | L4: Комментарии
B5: Варианты ответов | C5: ='Методика III этап'!B28 -> Опубликованы за все отчетные периоды и отвечают всем требованиям | D5: Word, Excel, PDF | F5: баллы | G5: понижающие коэффициенты | J5: Итого
C6: ='Методика III этап'!B29 -> Не опубликованы или публикуются нерегулярно, или не отвечают требованиям | G6: графический формат | H6: затруднен-ный поиск | I6: несоблюде-ние сроков
B7: Городские округа
A8: 1 | B8: г. Саратов | C8: Опубликованы за все отчетные периоды и отвечают всем требованиям | D8: Excel | F8: =IF(C8=$C$5,1,0) -> 1 | J8: =F8*(1-G8)*(1-H8)*(1-I8) -> 1 | K8: https://saratovmer.ru/budget/rubrics/2/1317.html
A9: 2 | B9: п. Михайловское | C9: Опубликованы за все отчетные периоды и отвечают всем требованиям | D9: Word | F9: =IF(C9=$C$5,1,0) -> 1 | J9: =F9*(1-G9)*(1-H9)*(1-I9) -> 1 | K9: http://www.mihailovski.ru/byudzhet-mo-na-2021-2023-gody-/ispolnenie-byudzheta/
A10: 3 | B10: ЗАТО Светлый | C10: Опубликованы за все отчетные периоды и отвечают всем требованиям | F10: =IF(C10=$C$5,1,0) -> 1 | J10: =F10*(1-G10)*(1-H10)*(1-I10) -> 1 | L10: Муниципальный долг отсутствует
A11: 4 | B11: г. Шиханы | F11: =IF(C11=$C$5,1,0) -> 0 | J11: =F11*(1-G11)*(1-H11)*(1-I11) -> 0 | L11: Ссылка не предоставлена. На сайте информация не опубликована.
B12: Муниципальные районы
A13: 5 | B13: Александрово-Гайский | C13: Не опубликованы или публикуются нерегулярно, или не отвечают требованиям | D13: Excel | F13: =IF(C13=$C$5,1,0) -> 0 | J13: =F13*(1-G13)*(1-H13)*(1-I13) -> 0 | K13: http://algay.sarmo.ru/byudzhet-ekonomika-finansy/munitsipalnyy-dolg.php | L13: Сведения должны быть опубликованы в течение одного месяца после окончания отчетного периода (дата изменения файла «Информация о муниципальном долге на 01.04.2020» - 24.09.2021 года). При нажатии на заголовок «Информация о муниципальном долге на 01.07.2021» открываются данные на 01.10.2021, то есть на 01.07.2021 данных нет.
A14: 6 | B14: Аркадакский | C14: Опубликованы за все отчетные периоды и отвечают всем требованиям | D14: Excel | F14: =IF(C14=$C$5,1,0) -> 1 | J14: =F14*(1-G14)*(1-H14)*(1-I14) -> 1 | K14: http://arkadak.sarmo.ru/byudzhet-munitsipalnogo-rayona/ispolnenie-raskhodnoy-chasti-byudzheta.php
A15: 7 | B15: Аткарский | C15: Опубликованы за все отчетные периоды и отвечают всем требованиям | D15: Excel | F15: =IF(C15=$C$5,1,0) -> 1 | J15: =F15*(1-G15)*(1-H15)*(1-I15) -> 1 | K15: http://atkarsk.moyaokruga.ru/CityListArticles.aspx?categoryid=294
A16: 8 | B16: Базарно-Карабулакский | C16: Опубликованы за все отчетные периоды и отвечают всем требованиям | D16: Excel | F16: =IF(C16=$C$5,1,0) -> 1 | I16: 0.5 | J16: =F16*(1-G16)*(1-H16)*(1-I16) -> 0.5 | K16: https://admbk.ru/administration/finansovoe-upravlenie/byudzhet/svedeniya-ob-obeme-munitsipalnogo-dolga/ | L16: Сведения должны быть опубликованы в течение одного месяца после окончания отчетного периода (дата изменения файла «Сведения об объеме муниципального долга Б.Карабулакского муниципального района на 01.04.2020 года» - 27.09.2020 года)
A17: 9 | B17: Балаковский | C17: Опубликованы за все отчетные периоды и отвечают всем требованиям | D17: Excel | F17: =IF(C17=$C$5,1,0) -> 1 | J17: =F17*(1-G17)*(1-H17)*(1-I17) -> 1 | K17: http://balkomfin.ru/
A18: 10 | B18: Балашовский | C18: Опубликованы за все отчетные периоды и отвечают всем требованиям | D18: Excel | F18: =IF(C18=$C$5,1,0) -> 1 | J18: =F18*(1-G18)*(1-H18)*(1-I18) -> 1 | K18: http://baladmin.ru/administration/divisions-structure/finance/ezhekvartalnye-svedeniya-ob-obeme-munitsipalnogo-dolga.php
A19: 11 | B19: Балтайский | C19: Опубликованы за все отчетные периоды и отвечают всем требованиям | D19: Web | F19: =IF(C19=$C$5,1,0) -> 1 | J19: =F19*(1-G19)*(1-H19)*(1-I19) -> 1 | K19: http://adm-baltay.ru/finansovoe-upravlenie/dinamika-munitsipalnogo-dolga/ | L19: Сведения желательнее размещать в хронологическом порядке по годам с возможностью их скачивания.
A20: 12 | B20: Вольский | C20: Не опубликованы или публикуются нерегулярно, или не отвечают требованиям | F20: =IF(C20=$C$5,1,0) -> 0 | J20: =F20*(1-G20)*(1-H20)*(1-I20) -> 0 | K20: http://xn--b1aqclq9d.xn--p1ai/?page_id=44097 | L20: При переходе по предоставленной ссылке открывается главная страница. Информация об объеме муниципального долга на сайте отсутствует.
A21: 13 | B21: Воскресенский | C21: Опубликованы за все отчетные периоды и отвечают всем требованиям | D21: Excel | F21: =IF(C21=$C$5,1,0) -> 1 | J21: =F21*(1-G21)*(1-H21)*(1-I21) -> 1 | K21: http://voskresensk64.ru/administration/statistics/ispolnenie-byudzheta/svedeniya-o-munitsipalnom-dolge/
A22: 14 | B22: Дергачевский | C22: Опубликованы за все отчетные периоды и отвечают всем требованиям | D22: Word | F22: =IF(C22=$C$5,1,0) -> 1 | J22: =F22*(1-G22)*(1-H22)*(1-I22) -> 1 | K22: http://dergachi.sarmo.ru/finansy/munitsipalnyy-dolg/
A23: 15 | B23: Духовницкий | C23: Опубликованы за все отчетные периоды и отвечают всем требованиям | D23: Excel | F23: =IF(C23=$C$5,1,0) -> 1 | I23: 0.5 | J23: =F23*(1-G23)*(1-H23)*(1-I23) -> 0.5 | K23: http://duhovnitskoe.sarmo.ru/ispolnenie-byudzheta/byudzhet-2021/svedeniya-ob-obeme-munitsipalnogo-dolga/ | L23: Сведения должны быть опубликованы в течение одного месяца после окончания отчетного периода (дата изменения файла «Информация о муниципальном долге Духовницкого муниципального района на 01.07.2021» - 01.10.2021 года).
A24: 16 | B24: Екатериновский | C24: Не опубликованы или публикуются нерегулярно, или не отвечают требованиям | F24: =IF(C24=$C$5,1,0) -> 0 | J24: =F24*(1-G24)*(1-H24)*(1-I24) -> 0 | K24: http://ekaterinovka.sarmo.ru/finansovoe-upravlenie/byudzhet/ | L24: При переходе по предоставленной ссылке http://ekaterinovka.sarmo.ru/finansovoe-upravlenie-administratsii/ карта сайта. На сайте информация не опубликована.
A25: 17 | B25: Ершовский | C25: Опубликованы за все отчетные периоды и отвечают всем требованиям | D25: Excel | F25: =IF(C25=$C$5,1,0) -> 1 | J25: =F25*(1-G25)*(1-H25)*(1-I25) -> 1 | K25: https://adminemr.ru/byudzhet-i-finansy/munitsipalnyy-dolg/
A26: 18 | B26: Ивантеевский | C26: Опубликованы за все отчетные периоды и отвечают всем требованиям | D26: Word | F26: =IF(C26=$C$5,1,0) -> 1 | J26: =F26*(1-G26)*(1-H26)*(1-I26) -> 1 | K26: http://ivanteevka.sarmo.ru/byudzhet-dlya-grazhdan/promezhutochnaya-otchetnost-ob-ispolnenii-byudzheta-i-analiticheskie-dannye/ezhekvartalnye-svedeniya-ob-obeme-munitsipalnogo-dolga/2021-god.php
A27: 19 | B27: Калининский | C27: Опубликованы за все отчетные периоды и отвечают всем требованиям | D27: Excel | F27: =IF(C27=$C$5,1,0) -> 1 | J27: =F27*(1-G27)*(1-H27)*(1-I27) -> 1 | K27: http://kalininsk.sarmo.ru/otkrytyybyudzhet/promezhutochnaya-otchetnost-ob-ispolneniibyudzheta-i-analiticheskie-dannye/ezhekvartalnye-svedeniya-ob-obeme-munitsipalnogo-dolga/ezhekvartalnye-svedeniya-ob-obeme-munitsipalnogo-dolga-2021.php | L27: Обратите внимание,что внутри файла «Сведения об объеме муниципального долга на 01.04.2021 г.» заголовок над таблицей «Информация о долговых обязательствах Калининского муниципального района на 01 января 2021 года»
A28: 20 | B28: Красноармейский | C28: Опубликованы за все отчетные периоды и отвечают всем требованиям | D28: Word | F28: =IF(C28=$C$5,1,0) -> 1 | J28: =F28*(1-G28)*(1-H28)*(1-I28) -> 1 | K28: https://krasnoarmeysk64.ru/krasnoarmeyskiy-rayon/byudzhet/otchet-ob-ispolnenii-byudzheta-krasnoarmeyskogo-munitsipalnogo-rayona/munitsipalnyy-dolg-2021-.php?clear_cache=Y
A29: 21 | B29: Краснокутский | C29: Опубликованы за все отчетные периоды и отвечают всем требованиям | D29: Excel | F29: =IF(C29=$C$5,1,0) -> 1 | J29: =F29*(1-G29)*(1-H29)*(1-I29) -> 1 | K29: https://krasny-kut.ru/finansy/informatsiya-i-otchety/
A30: 22 | B30: Краснопартизанский | C30: Опубликованы за все отчетные периоды и отвечают всем требованиям | D30: Excel | F30: =IF(C30=$C$5,1,0) -> 1 | J30: =F30*(1-G30)*(1-H30)*(1-I30) -> 1 | K30: https://adminkmr.ru/byudzhet/ispolnenie-byudzheta/ispolnenie-byudzheta-za-2021-god.php
A31: 23 | B31: Лысогорский | C31: Опубликованы за все отчетные периоды и отвечают всем требованиям | D31: Excel | F31: =IF(C31=$C$5,1,0) -> 1 | J31: =F31*(1-G31)*(1-H31)*(1-I31) -> 1 | K31: http://adm.lysyegory.ru/base/byudzhet-municipalnogo-raiona/ispolnenie-byudzheta-mr-i-finansovyi-kontrol
A32: 24 | B32: Марксовский | C32: Опубликованы за все отчетные периоды и отвечают всем требованиям | D32: Excel | F32: =IF(C32=$C$5,1,0) -> 1 | J32: =F32*(1-G32)*(1-H32)*(1-I32) -> 1 | K32: https://marksadm.ru/icp-b.html
A33: 25 | B33: Новобурасский | C33: Опубликованы за все отчетные периоды и отвечают всем требованиям | D33: Word | F33: =IF(C33=$C$5,1,0) -> 1 | J33: =F33*(1-G33)*(1-H33)*(1-I33) -> 1 | K33: http://www.nbfin.ru/byudzhet_dlya_grazhdan/na_tekuwij_god/ezhekvartal_nye_svedeniya_ob_ob_eme_municipal_nogo_dolga/2021_god/
A34: 26 | B34: Новоузенский | C34: Опубликованы за все отчетные периоды и отвечают всем требованиям | D34: Excel | F34: =IF(C34=$C$5,1,0) -> 1 | J34: =F34*(1-G34)*(1-H34)*(1-I34) -> 1 | K34: http://www.novouzensk.ru/budget%20for%20people/byudzhet-dlya-grazhdan-2021-2023/ispolnenie-byudzheta/
A35: 27 | B35: Озинский | C35: Опубликованы за все отчетные периоды и отвечают всем требованиям | D35: Word | F35: =IF(C35=$C$5,1,0) -> 1 | J35: =F35*(1-G35)*(1-H35)*(1-I35) -> 1 | K35: http://ozinki.sarmo.ru/byudzhet/ispolnenie-byudzheta.php?ELEMENT_ID=6238
A36: 28 | B36: Перелюбский | C36: Опубликованы за все отчетные периоды и отвечают всем требованиям | D36: Exel | F36: =IF(C36=$C$5,1,0) -> 1 | J36: =F36*(1-G36)*(1-H36)*(1-I36) -> 1 | K36: https://xn--90ahanfef3akn5l.xn--p1ai/dokumenty/byudzhet-dlya-grazhdan/
A37: 29 | B37: Петровский | C37: Опубликованы за все отчетные периоды и отвечают всем требованиям | D37: Excel | F37: =IF(C37=$C$5,1,0) -> 1 | J37: =F37*(1-G37)*(1-H37)*(1-I37) -> 1 | K37: https://petrovsk64.ru/sub-org/fin-upr/otkrytyy-byudzhet/otchetnost/
A38: 30 | B38: Питерский | C38: Опубликованы за все отчетные периоды и отвечают всем требованиям | D38: Word | F38: =IF(C38=$C$5,1,0) -> 1 | I38: 0.5 | J38: =F38*(1-G38)*(1-H38)*(1-I38) -> 0.5 | K38: http://питерка.рф/ekonomika-i-byudzhet/byudzhet-piterskogo-mr/ezhekvartalnye-svedeniya-ob-obeme-munitsipalnogo-dolga/ezhekvartalnye-svedeniya-ob-obeme-munitsipalnogo-dolga-za-2021/ | L38: Не соблюден месячный срок опубликования сведений за 1 квартал 2021 года (файл со сведениями изменен 16.07.2021).
A39: 31 | B39: Пугачевский | C39: Опубликованы за все отчетные периоды и отвечают всем требованиям | D39: Exel | F39: =IF(C39=$C$5,1,0) -> 1 | J39: =F39*(1-G39)*(1-H39)*(1-I39) -> 1 | K39: http://pugachev-adm.ru/byudzhet-rayona-2/obem-munitsipalnogo-dolga-2021
A40: 32 | B40: Ровенский | C40: Опубликованы за все отчетные периоды и отвечают всем требованиям | D40: Excel | F40: =IF(C40=$C$5,1,0) -> 1 | J40: =F40*(1-G40)*(1-H40)*(1-I40) -> 1 | K40: http://rovnoe.sarmo.ru/byudzhet/ispolnenie-byudzheta-munitsipalnogo-rayona/
A41: 33 | B41: Романовский | C41: Опубликованы за все отчетные периоды и отвечают всем требованиям | D41: Excel | F41: =IF(C41=$C$5,1,0) -> 1 | J41: =F41*(1-G41)*(1-H41)*(1-I41) -> 1 | K41: http://romanovka.sarmo.ru/byudzhet-dlya-grazhdan/byudzhet-romanovskogo-munitsipalnogo-rayona/ispolnenie-byudzheta-romanovskogo-munitsipalnogo-rayona-i-finansovyy-kontrol/ezhekvartalnye-svedeniya-ob-obeme-munitsipalnogo-dolga/
A42: 34 | B42: Ртищевский | C42: Опубликованы за все отчетные периоды и отвечают всем требованиям | D42: Excel | F42: =IF(C42=$C$5,1,0) -> 1 | J42: =F42*(1-G42)*(1-H42)*(1-I42) -> 1 | K42: http://rtishevo.sarmo.ru/finansovyy-organ/rtishchevskiy-munitsipalnyy-rayon/2021-god/dokumenty-o-khode-ispolneniya-byudzheta-munitsipalnogo-rayona/
A43: 35 | B43: Самойловский | C43: Опубликованы за все отчетные периоды и отвечают всем требованиям | D43: Excel | F43: =IF(C43=$C$5,1,0) -> 1 | J43: =F43*(1-G43)*(1-H43)*(1-I43) -> 1 | K43: https://sam64.ru/ekonomika-i-byudzhet/byudzhet/dolgovye-obyazatelstva/
A44: 36 | B44: Саратовский | C44: Опубликованы за все отчетные периоды и отвечают всем требованиям | D44: Excel | F44: =IF(C44=$C$5,1,0) -> 1 | J44: =F44*(1-G44)*(1-H44)*(1-I44) -> 1 | K44: http://saratovskiyraion.ru/mestnyy-byudzhet/ispolnenie-byudzheta/
A45: 37 | B45: Советский | C45: Не опубликованы или публикуются нерегулярно, или не отвечают требованиям | D45: Word | F45: =IF(C45=$C$5,1,0) -> 0 | J45: =F45*(1-G45)*(1-H45)*(1-I45) -> 0 | K45: https://stepnoe-adm.ru/administration/use-budget-funds/informatsiya-o-munitsipalnom-dolge/ | L45: Отсутствует информация о муниципальном долге за первое полугодие и 9 месяцев 2021 года
A46: 38 | B46: Татищевский | C46: Опубликованы за все отчетные периоды и отвечают всем требованиям | D46: Word | E46: Лишняя папка в архиве, оцениваемый документ открывается на 7 клик | F46: =IF(C46=$C$5,1,0) -> 1 | H46: 0.5 | J46: =F46*(1-G46)*(1-H46)*(1-I46) -> 0.5 | K46: http://tatishevo.saratov.gov.ru/index.php?option=com_content&view=article&id=5491:2021----&catid=64:2009-12-20-17-44-19&Itemid=91
A47: 39 | B47: Турковский | C47: Опубликованы за все отчетные периоды и отвечают всем требованиям | D47: Excel | F47: =IF(C47=$C$5,1,0) -> 1 | J47: =F47*(1-G47)*(1-H47)*(1-I47) -> 1 | K47: http://turki.sarmo.ru/otkrytyy-byudzhet/promezhutochnaya-otchetnost-ob-ispolnenii-byudzheta-i-analiticheskie-dannye/svedeniya-ob-obeme-munitsipalnogo-dolga/
A48: 40 | B48: Федоровский | C48: Опубликованы за все отчетные периоды и отвечают всем требованиям | D48: Word | F48: =IF(C48=$C$5,1,0) -> 1 | I48: 0.5 | J48: =F48*(1-G48)*(1-H48)*(1-I48) -> 0.5 | K48: http://fedormr.ru/byudzhet/2021/index.php | L48: Не соблюден месячный срок опубликования сведений за 1 квартал и 1 полугодие 2021года (файл со сведениями изменен 28.09.2021)
A49: 41 | B49: Хвалынский | C49: Опубликованы за все отчетные периоды и отвечают всем требованиям | D49: Excel | F49: =IF(C49=$C$5,1,0) -> 1 | J49: =F49*(1-G49)*(1-H49)*(1-I49) -> 1 | K49: http://hvalynsk.sarmo.ru/administratsiya-khvalynskogo-munitsipalnogo-rayona/byudzhet/svedeniya-ob-obeme-munitsipalnogo-dolga.php
A50: 42 | B50: Энгельсский | C50: Опубликованы за все отчетные периоды и отвечают всем требованиям | D50: Excel | F50: =IF(C50=$C$5,1,0) -> 1 | J50: =F50*(1-G50)*(1-H50)*(1-I50) -> 1 | K50: www.engels-city.ru/informatsiya-o-dolgovykh-obyazatelstvakh

Sheet Показатель 7.1
A1: 7.1. Информация о проведенных в текущем финансовом году контрольных мероприятиях контрольно-счетным органом муниципального образования на портале (сайте)
A2: Комментарий:
A3: ='Методика III этап'!B32 -> В целях оценки показателя учитываются контрольные мероприятия, предусмотренные планом контрольно-счетного органа муниципального образования в текущем году, срок реализации которых на дату проведения мониторинга завершен. В случае, если план контрольных мероприятий на текущий финансовый год не опубликован до 1 января соответствующего года, оценка показателя принимает значение 0 баллов. Информация о проведенном контрольном мероприятии должна быть опубликована в течение трех месяцев с даты завершения контрольного мероприятия. При нарушении указанного срока применяется понижающий коэффициент за несоблюдение сроков обеспечения доступа к бюджетным данным.
A4: № п/п | B4: Вопрос | C4: ='Методика III этап'!B31 -> Опубликование информации о проведенных в текущем финансовом году контрольных мероприятиях контрольно-счетным органом муниципального образования на портале (сайте) | D4: Формат | E4: Доступность (указать, если возникли трудности с поиском документа, если переход осуществляется более, чем за 5 «кликов» с основной страницы портала (сайта), если название раздела не соответствует содержанию) | F4: Оценка показателя 7.1 | K4: Ссылка на источник данных | L4: Комментарии
B5: Варианты ответов | C5: ='Методика III этап'!B33 -> Опубликована по результатам всех контрольных мероприятий, предусмотренных планом на текущий финансовый год, в том числе сведения о принятых объектом контроля решениях и мерах по направленным ему представлениям и предписаниям | D5: Word, Excel, PDF | F5: баллы | G5: понижающие коэффициенты | J5: Итого
C6: ='Методика III этап'!B34 -> Опубликована по результатам всех контрольных мероприятий, предусмотренных планом на текущий финансовый год, за исключением сведений о принятых объектом контроля решениях и мерах по направленным ему представлениям и предписаниям | G6: графический формат | H6: затруднен-ный поиск | I6: несоблюде-ние сроков
C7: ='Методика III этап'!B35 -> Не опубликована, или ее публикация носит несистемный характер (публикуются сведения по отдельным контрольным мероприятиям, предусмотренным планом на текущий финансовый год)
B8: Городские округа
A9: 1 | B9: г. Саратов | C9: Не опубликована, или ее публикация носит несистемный характер (публикуются сведения по отдельным контрольным мероприятиям, предусмотренным планом на текущий финансовый год) | D9: Web, Pdf | F9: =IF(C9=$C$5,2,IF(C9=$C$6,1,0)) -> 0 | J9: =F9*(1-G9)*(1-H9)*(1-I9) -> 0 | K9: https://www.kspsaratov.ru/?cat=5 | L9: В опубликованной информации по результатам контрольных мероприятий, предусмотренных планом на текущий финансовый год, отсутствуют сведения о принятых объектом контроля решениях и мерах по направленным ему представлениям.Также отсутствуют данные о проведенных контрольных мероприятий, предусмотренных п 1 и 5.
A10: 2 | B10: п. Михайловское | C10: Опубликована по результатам всех контрольных мероприятий, предусмотренных планом на текущий финансовый год, в том числе сведения о принятых объектом контроля решениях и мерах по направленным ему представлениям и предписаниям | D10: Pdf | F10: =IF(C10=$C$5,2,IF(C10=$C$6,1,0)) -> 2 | J10: =F10*(1-G10)*(1-H10)*(1-I10) -> 2 | K10: http://www.mihailovski.ru/kontrolno---schyotnaya-komissiya/deyatelnost-ksk/
A11: 3 | B11: ЗАТО Светлый | C11: Опубликована по результатам всех контрольных мероприятий, предусмотренных планом на текущий финансовый год, за исключением сведений о принятых объектом контроля решениях и мерах по направленным ему представлениям и предписаниям | D11: Word | F11: =IF(C11=$C$5,2,IF(C11=$C$6,1,0)) -> 1 | J11: =F11*(1-G11)*(1-H11)*(1-I11) -> 1 | K11: https://www.zatosvetly.ru/about/info/news/folder/folder1/folder/materialy-kontrolnoy-deyatelnosti1/2021-god/ | L11: В опубликованной информации по результатам контрольных мероприятий, предусмотренных планом на текущий финансовый год, отсутствуют сведения о принятых объектом контроля решениях и мерах по направленным ему представлениям.
A12: 4 | B12: г. Шиханы | C12: Не опубликована, или ее публикация носит несистемный характер (публикуются сведения по отдельным контрольным мероприятиям, предусмотренным планом на текущий финансовый год) | F12: =IF(C12=$C$5,2,IF(C12=$C$6,1,0)) -> 0 | J12: =F12*(1-G12)*(1-H12)*(1-I12) -> 0 | K12: http://zatoshihany.ru/sobranie/kontrolnaya/ | L12: В случае, если план контрольных мероприятий на текущий финансовый год не опубликован до 1 января соответствующего года, оценка показателя принимает значение 0 баллов (план опубликован 04.02.2021)
B13: Муниципальные районы
A14: 5 | B14: Александрово-Гайский | C14: Не опубликована, или ее публикация носит несистемный характер (публикуются сведения по отдельным контрольным мероприятиям, предусмотренным планом на текущий финансовый год) | F14: =IF(C14=$C$5,2,IF(C14=$C$6,1,0)) -> 0 | J14: =F14*(1-G14)*(1-H14)*(1-I14) -> 0 | L14: Ссылка не предоставлена. На сайте информация не опубликована.
A15: 6 | B15: Аркадакский | C15: Не опубликована, или ее публикация носит несистемный характер (публикуются сведения по отдельным контрольным мероприятиям, предусмотренным планом на текущий финансовый год) | F15: =IF(C15=$C$5,2,IF(C15=$C$6,1,0)) -> 0 | J15: =F15*(1-G15)*(1-H15)*(1-I15) -> 0 | L15: Ссылка не предоставлена. На сайте информация не опубликована.
A16: 7 | B16: Аткарский | C16: Опубликована по результатам всех контрольных мероприятий, предусмотренных планом на текущий финансовый год, в том числе сведения о принятых объектом контроля решениях и мерах по направленным ему представлениям и предписаниям | D16: Word | F16: =IF(C16=$C$5,2,IF(C16=$C$6,1,0)) -> 2 | J16: =F16*(1-G16)*(1-H16)*(1-I16) -> 2 | K16: http://atkarsk.moyaokruga.ru/CityListArticles.aspx?categoryid=158
A17: 8 | B17: Базарно-Карабулакский | C17: Не опубликована, или ее публикация носит несистемный характер (публикуются сведения по отдельным контрольным мероприятиям, предусмотренным планом на текущий финансовый год) | F17: =IF(C17=$C$5,2,IF(C17=$C$6,1,0)) -> 0 | J17: =F17*(1-G17)*(1-H17)*(1-I17) -> 0 | L17: В целях оценки показателя учитываются контрольные мероприятия, предусмотренные планом контрольно-счетного органа муниципального образования в текущем году, срок реализации которых на дату проведения мониторинга завершен. Ссылка не предоставлена. На сайте информация не опубликована.
A18: 9 | B18: Балаковский | C18: Опубликована по результатам всех контрольных мероприятий, предусмотренных планом на текущий финансовый год, в том числе сведения о принятых объектом контроля решениях и мерах по направленным ему представлениям и предписаниям | D18: Word | F18: =IF(C18=$C$5,2,IF(C18=$C$6,1,0)) -> 2 | J18: =F18*(1-G18)*(1-H18)*(1-I18) -> 2 | K18: http://www.admbal.ru/ksp-bmr/kontrolnye-meropriyatiya/na-2021-god/
A19: 10 | B19: Балашовский | C19: Опубликована по результатам всех контрольных мероприятий, предусмотренных планом на текущий финансовый год, в том числе сведения о принятых объектом контроля решениях и мерах по направленным ему представлениям и предписаниям | D19: Word | F19: =IF(C19=$C$5,2,IF(C19=$C$6,1,0)) -> 2 | J19: =F19*(1-G19)*(1-H19)*(1-I19) -> 2 | K19: http://baladmin.ru/kontrolno-schetnaya-komissiya/?clear_cache=Y
A20: 11 | B20: Балтайский | C20: Не опубликована, или ее публикация носит несистемный характер (публикуются сведения по отдельным контрольным мероприятиям, предусмотренным планом на текущий финансовый год) | F20: =IF(C20=$C$5,2,IF(C20=$C$6,1,0)) -> 0 | J20: =F20*(1-G20)*(1-H20)*(1-I20) -> 0 | K20: http://adm-baltay.ru/finansovoe-upravlenie/vnutrenniy-munitsipalnyiy-finansovyiy-kontrol-baltayskogo-munitsipalnogo-rayona/ | L20: По предоставленной ссылке http://adm-baltay.ru/finansovoe-upravlenie/vnutrenniy-munitsipalnyiy-finansovyiy-kontrol-baltayskogo-munitsipalnogo-rayona/plan-provedeniya-planovyh-proverok-yuridicheskih-licz-i-individualnyh-predprinimatelej-na-2021-god/ размещена информацио о внутреннем муниципальном финансовом контроле, а не о деятельности контрольно-счетного органа. План контрольных мероприятий на 2021 год не опубликован, оценка показателя принимает значение 0 балов.
A21: 12 | B21: Вольский | C21: Не опубликована, или ее публикация носит несистемный характер (публикуются сведения по отдельным контрольным мероприятиям, предусмотренным планом на текущий финансовый год) | F21: =IF(C21=$C$5,2,IF(C21=$C$6,1,0)) -> 0 | J21: =F21*(1-G21)*(1-H21)*(1-I21) -> 0 | K21: http://volsk-ms.ru/otchetyi/otchetyi-kontrolno-schetnoy-komissii-v/ | L21: По предоставленной ссылке и на сайте оцениваемая информация не опубликована.
A22: 13 | B22: Воскресенский | C22: Не опубликована, или ее публикация носит несистемный характер (публикуются сведения по отдельным контрольным мероприятиям, предусмотренным планом на текущий финансовый год) | F22: =IF(C22=$C$5,2,IF(C22=$C$6,1,0)) -> 0 | J22: =F22*(1-G22)*(1-H22)*(1-I22) -> 0 | L22: Ссылка не предоставлена. На сайте информация не опубликована.
A23: 14 | B23: Дергачевский | C23: Опубликована по результатам всех контрольных мероприятий, предусмотренных планом на текущий финансовый год, в том числе сведения о принятых объектом контроля решениях и мерах по направленным ему представлениям и предписаниям | D23: Word, Jpg | F23: =IF(C23=$C$5,2,IF(C23=$C$6,1,0)) -> 2 | J23: =F23*(1-G23)*(1-H23)*(1-I23) -> 2 | K23: http://dergachi.sarmo.ru/kontrolno-schetnyy-organ-dergachevskogo-munitsipalnogo-rayona/
A24: 15 | B24: Духовницкий | C24: Не опубликована, или ее публикация носит несистемный характер (публикуются сведения по отдельным контрольным мероприятиям, предусмотренным планом на текущий финансовый год) | D24: Web | F24: =IF(C24=$C$5,2,IF(C24=$C$6,1,0)) -> 0 | J24: =F24*(1-G24)*(1-H24)*(1-I24) -> 0 | K24: http://duhovnitskoe.sarmo.ru/kontrolno-revizionnaya-komissiya/akty-proverok/ | L24: По указанной ссылке и на сайте информация о проверках, предусмотренных п 5 плана работ Контрольно-ревизионной комиссии Духовницкого муниципального района на 2021 года не найдена.
A25: 16 | B25: Екатериновский | C25: Не опубликована, или ее публикация носит несистемный характер (публикуются сведения по отдельным контрольным мероприятиям, предусмотренным планом на текущий финансовый год) | F25: =IF(C25=$C$5,2,IF(C25=$C$6,1,0)) -> 0 | J25: =F25*(1-G25)*(1-H25)*(1-I25) -> 0 | K25: http://ekaterinovka.sarmo.ru/kontrolno-schetnaya-komissiya/ | L25: В случае, если план контрольных мероприятий на текущий финансовый год не опубликован до 1 января соответствующего года, оценка показателя принимает значение 0 баллов (план опубликован 08.02.2022)
A26: 17 | B26: Ершовский | C26: Не опубликована, или ее публикация носит несистемный характер (публикуются сведения по отдельным контрольным мероприятиям, предусмотренным планом на текущий финансовый год) | D26: Word | F26: =IF(C26=$C$5,2,IF(C26=$C$6,1,0)) -> 0 | J26: =F26*(1-G26)*(1-H26)*(1-I26) -> 0 | K26: https://adminemr.ru/ershovskiy-munitsipalnyy-rayon/kontrolno-schetnaya-komissiya/otchety/ | L26: По указанной ссылке и на сайте информация о проверках, предусмотренных п 2 плана работ Контрольно-счетной комиссии Ершовского муниципального района на 1 полугодие 2021 года не найдена (при нажатии на заголовок «О результатах контрольного мероприятия проверки отдельных вопросов финансово-хозяйственной деятельности и аудит в сфере закупок в МОУ СОШ с.Рефлектор Ершовского района» появляется страница с ошибкой 403).
A27: 18 | B27: Ивантеевский | C27: Опубликована по результатам всех контрольных мероприятий, предусмотренных планом на текущий финансовый год, в том числе сведения о принятых объектом контроля решениях и мерах по направленным ему представлениям и предписаниям | D27: Word, PDF | F27: =IF(C27=$C$5,2,IF(C27=$C$6,1,0)) -> 2 | J27: =F27*(1-G27)*(1-H27)*(1-I27) -> 2 | K27: http://ivanteevka.sarmo.ru/byudzhet-dlya-grazhdan/finansovyy-kontrol/kontrolno-schetnyy-organ-ivantevskogo-munitsipalnogo-rayona/kontrolnye-meropriyatiya/
A28: 19 | B28: Калининский | C28: Не опубликована, или ее публикация носит несистемный характер (публикуются сведения по отдельным контрольным мероприятиям, предусмотренным планом на текущий финансовый год) | F28: =IF(C28=$C$5,2,IF(C28=$C$6,1,0)) -> 0 | J28: =F28*(1-G28)*(1-H28)*(1-I28) -> 0 | K28: http://kalininsk.sarmo.ru/otkrytyybyudzhet/kontrolno-schetnyy-organ-kalininskogo-munitsipalnogo-rayona/informatsiya-o-provedennykh-kontrolnykh-meropriyatiyakh/informatsiya-o-provedennykh-kontrolnykh-meropriyatiyakh-2021.php | L28: В случае, если план контрольных мероприятий на текущий финансовый год не опубликован до 1 января соответствующего года, оценка показателя принимает значение 0 баллов (план принят 11.01.2021, опубликован 05.04.2021)
A29: 20 | B29: Красноармейский | C29: Не опубликована, или ее публикация носит несистемный характер (публикуются сведения по отдельным контрольным мероприятиям, предусмотренным планом на текущий финансовый год) | F29: =IF(C29=$C$5,2,IF(C29=$C$6,1,0)) -> 0 | J29: =F29*(1-G29)*(1-H29)*(1-I29) -> 0 | K29: https://krasnoarmeysk64.ru/predstavitelnyy-organ/otdel-kontrolno-schetnoy-komissi/ | L29: В случае, если план контрольных мероприятий на текущий финансовый год не опубликован до 1 января соответствующего года, оценка показателя принимает значение 0 баллов (план на сайте не найден)
A30: 21 | B30: Краснокутский | C30: Опубликована по результатам всех контрольных мероприятий, предусмотренных планом на текущий финансовый год, в том числе сведения о принятых объектом контроля решениях и мерах по направленным ему представлениям и предписаниям | F30: =IF(C30=$C$5,2,IF(C30=$C$6,1,0)) -> 2 | J30: =F30*(1-G30)*(1-H30)*(1-I30) -> 2 | K30: https://krasny-kut.ru/munitsipalnoe-sobranie/kontrolno-schetnaya-komissiya/
A31: 22 | B31: Краснопартизанский | C31: Не опубликована, или ее публикация носит несистемный характер (публикуются сведения по отдельным контрольным мероприятиям, предусмотренным планом на текущий финансовый год) | F31: =IF(C31=$C$5,2,IF(C31=$C$6,1,0)) -> 0 | J31: =F31*(1-G31)*(1-H31)*(1-I31) -> 0 | K31: https://adminkmr.ru/sobranie-deputatov/munitsipalnoe-sobranie-munitsipalnogo-rayona/ | L31: В случае, если план контрольных мероприятий на текущий финансовый год не опубликован до 1 января соответствующего года, оценка показателя принимает значение 0 баллов (план принят 30.12.2020, опубликован 01.06.2021)
A32: 23 | B32: Лысогорский | C32: Не опубликована, или ее публикация носит несистемный характер (публикуются сведения по отдельным контрольным мероприятиям, предусмотренным планом на текущий финансовый год) | F32: =IF(C32=$C$5,2,IF(C32=$C$6,1,0)) -> 0 | J32: =F32*(1-G32)*(1-H32)*(1-I32) -> 0 | K32: http://adm.lysyegory.ru/base/predstavitelnyi-organ-municipalnogo-raiona/kontrolno-schetnaja-komissija/dejatelnost/otchety | L32: В случае, если план контрольных мероприятий на текущий финансовый год не опубликован до 1 января соответствующего года, оценка показателя принимает значение 0 баллов (план принят 25.12.2020, опубликован 05.01.2021)
A33: 24 | B33: Марксовский | C33: Не опубликована, или ее публикация носит несистемный характер (публикуются сведения по отдельным контрольным мероприятиям, предусмотренным планом на текущий финансовый год) | D33: Word | F33: =IF(C33=$C$5,2,IF(C33=$C$6,1,0)) -> 0 | J33: =F33*(1-G33)*(1-H33)*(1-I33) -> 0 | K33: http://marksadm.ru/kontrol.html | L33: По указанной ссылке и на сайте информация о проверке, предусмотренной п 2 плана работ Контрольно-счетной комиссии Марксовского муниципального района на 2021 года не найдена.
A34: 25 | B34: Новобурасский | C34: Не опубликована, или ее публикация носит несистемный характер (публикуются сведения по отдельным контрольным мероприятиям, предусмотренным планом на текущий финансовый год) | F34: =IF(C34=$C$5,2,IF(C34=$C$6,1,0)) -> 0 | J34: =F34*(1-G34)*(1-H34)*(1-I34) -> 0 | K34: http://admnburasy.ru/kck.htm | L34: В случае, если план контрольных мероприятий на текущий финансовый год не опубликован до 1 января соответствующего года, оценка показателя принимает значение 0 баллов (план принят 24.12.2020, опубликован 01.02.2021)
A35: 26 | B35: Новоузенский | C35: Опубликована по результатам всех контрольных мероприятий, предусмотренных планом на текущий финансовый год, за исключением сведений о принятых объектом контроля решениях и мерах по направленным ему представлениям и предписаниям | F35: =IF(C35=$C$5,2,IF(C35=$C$6,1,0)) -> 1 | J35: =F35*(1-G35)*(1-H35)*(1-I35) -> 1 | K35: http://novouzensk.ru/the-control-and-audit-commission/
A36: 27 | B36: Озинский | C36: Не опубликована, или ее публикация носит несистемный характер (публикуются сведения по отдельным контрольным мероприятиям, предусмотренным планом на текущий финансовый год) | F36: =IF(C36=$C$5,2,IF(C36=$C$6,1,0)) -> 0 | J36: =F36*(1-G36)*(1-H36)*(1-I36) -> 0 | K36: http://ozinki.sarmo.ru/kontrolno-schetnaya-komissiya/ | L36: Обратите внимание, по предоставленной ссылке http://ozinki.sarmo.ru/byudzhet/finansovyy-kontrol/?ELEMENT_ID=6029 размещается информация по контрольной деятельности финансового управления муниципального района. В целях оценки показателя учитываются отчеты о контрольных мероприятиях, предусмотренных планом контрольно-счетного органа муниципального образования в текущем году, срок реализации которых на дату проведения мониторинга завершен. В случае, если план контрольных мероприятий на текущий финансовый год не опубликован до 1 января соответствующего года, оценка показателя принимает значение 0 баллов (план на сайте не найден)
A37: 28 | B37: Перелюбский | C37: Не опубликована, или ее публикация носит несистемный характер (публикуются сведения по отдельным контрольным мероприятиям, предусмотренным планом на текущий финансовый год) | F37: =IF(C37=$C$5,2,IF(C37=$C$6,1,0)) -> 0 | J37: =F37*(1-G37)*(1-H37)*(1-I37) -> 0 | L37: На сайте информация не опубликована.
A38: 29 | B38: Петровский | C38: Не опубликована, или ее публикация носит несистемный характер (публикуются сведения по отдельным контрольным мероприятиям, предусмотренным планом на текущий финансовый год) | D38: PDF | F38: =IF(C38=$C$5,2,IF(C38=$C$6,1,0)) -> 0 | J38: =F38*(1-G38)*(1-H38)*(1-I38) -> 0 | K38: https://petrovsk64.ru/sub-org/fin-upr/dokumenty/informaciya-ksk/ | L38: По указанной ссылке и на сайте информация о проверках, предусмотренных п 9 плана работ Контрольно-счетной комиссии Петровского муниципального района на 2021 года не найдена.
A39: 30 | B39: Питерский | C39: Опубликована по результатам всех контрольных мероприятий, предусмотренных планом на текущий финансовый год, в том числе сведения о принятых объектом контроля решениях и мерах по направленным ему представлениям и предписаниям | D39: PDF | F39: =IF(C39=$C$5,2,IF(C39=$C$6,1,0)) -> 2 | J39: =F39*(1-G39)*(1-H39)*(1-I39) -> 2 | K39: http://питерка.рф/sobranie-rayona/kontrolno-schetnaya-komissiya/deyatelnost-ksk/rezultat-kontrolnykh-meropriyatiya/
A40: 31 | B40: Пугачевский | C40: Не опубликована, или ее публикация носит несистемный характер (публикуются сведения по отдельным контрольным мероприятиям, предусмотренным планом на текущий финансовый год) | D40: Word | F40: =IF(C40=$C$5,2,IF(C40=$C$6,1,0)) -> 0 | J40: =F40*(1-G40)*(1-H40)*(1-I40) -> 0 | K40: http://pugachev-adm.ru/kontrolnyie-meropriyatiya-2 | L40: На сайте не обнаружен первоначальный план контрольных мероприятий на 2021 год, только план с учетом внесенных изменений. По указанной ссылке и на сайте информация о проверках, предусмотренных п 2 плана работ Контрольно-счетной комиссии Петровского муниципального района на 2021 года не найдена.
A41: 32 | B41: Ровенский | C41: Опубликована по результатам всех контрольных мероприятий, предусмотренных планом на текущий финансовый год, за исключением сведений о принятых объектом контроля решениях и мерах по направленным ему представлениям и предписаниям | D41: Word | F41: =IF(C41=$C$5,2,IF(C41=$C$6,1,0)) -> 1 | J41: =F41*(1-G41)*(1-H41)*(1-I41) -> 1 | K41: http://rovnoe.sarmo.ru/2021-god-ksk-otchety.php?clear_cache=Y | L41: Обратите внимание, в информации о проведении контрольных мероприятий не содержится информации о фактических сроках проведения проверок.
A42: 33 | B42: Романовский | C42: Не опубликована, или ее публикация носит несистемный характер (публикуются сведения по отдельным контрольным мероприятиям, предусмотренным планом на текущий финансовый год) | F42: =IF(C42=$C$5,2,IF(C42=$C$6,1,0)) -> 0 | J42: =F42*(1-G42)*(1-H42)*(1-I42) -> 0 | K42: http://romanovka.sarmo.ru/organy-mestnogo-samoupravleniya/predstavitelnaya-vlast/kontrolno-schetnaya-komissiya/index.php | L42: Обратите внимание, по предоставленной ссылке http://romanovka.sarmo.ru/byudzhet-dlya-grazhdan/byudzhet-romanovskogo-munitsipalnogo-rayona/ispolnenie-byudzheta-romanovskogo-munitsipalnogo-rayona-i-finansovyy-kontrol/finansovyy-kontrol/ /размещается информация по контрольной деятельности финансового управления муниципального района. В целях оценки показателя учитываются отчеты о контрольных мероприятиях, предусмотренных планом контрольно-счетного органа муниципального образования в текущем году, срок реализации которых на дату проведения мониторинга завершен. По указанной ссылке и на сайте информация не найдена.
A43: 34 | B43: Ртищевский | C43: Не опубликована, или ее публикация носит несистемный характер (публикуются сведения по отдельным контрольным мероприятиям, предусмотренным планом на текущий финансовый год) | F43: =IF(C43=$C$5,2,IF(C43=$C$6,1,0)) -> 0 | J43: =F43*(1-G43)*(1-H43)*(1-I43) -> 0 | K43: http://rtishevo.sarmo.ru/kontrolno-schetnaya-komissiya-/ | L43: В случае, если план контрольных мероприятий на текущий финансовый год не опубликован до 1 января соответствующего года, оценка показателя принимает значение 0 баллов (опубликован 02.03.2021)
A44: 35 | B44: Самойловский | C44: Не опубликована, или ее публикация носит несистемный характер (публикуются сведения по отдельным контрольным мероприятиям, предусмотренным планом на текущий финансовый год) | F44: =IF(C44=$C$5,2,IF(C44=$C$6,1,0)) -> 0 | J44: =F44*(1-G44)*(1-H44)*(1-I44) -> 0 | K44: https://sam64.ru/munitsipalnoe-sobranie/kontrolno-schetnaya-komissiya-samoylovskogo-munitsipalnogo-rayona/ | L44: По указанной ссылке и на сайте информация о проверках, предусмотренных п 7,9,10,11 плана работ Контрольно-счетной комиссии Самойловского муниципального района на 2021 года не найдена.
A45: 36 | B45: Саратовский | C45: Не опубликована, или ее публикация носит несистемный характер (публикуются сведения по отдельным контрольным мероприятиям, предусмотренным планом на текущий финансовый год) | F45: =IF(C45=$C$5,2,IF(C45=$C$6,1,0)) -> 0 | J45: =F45*(1-G45)*(1-H45)*(1-I45) -> 0 | K45: http://saratovskiyraion.ru/sobranie-deputatov/kontrolno-schetnaya-komissiya-saratovskogo-munitsipalnogo-rayona-saratovskoy-oblasti/deyatelnost-ksk/?ELEMENT_ID=8537 | L45: В случае, если план контрольных мероприятий на текущий финансовый год не опубликован до 1 января соответствующего года, оценка показателя принимает значение 0 баллов (план на сайте не найден)
A46: 37 | B46: Советский | C46: Не опубликована, или ее публикация носит несистемный характер (публикуются сведения по отдельным контрольным мероприятиям, предусмотренным планом на текущий финансовый год) | F46: =IF(C46=$C$5,2,IF(C46=$C$6,1,0)) -> 0 | J46: =F46*(1-G46)*(1-H46)*(1-I46) -> 0 | K46: https://stepnoe-adm.ru/official-documents/documents/kso/ | L46: Обратите внимание, по предоставленной ссылке stration/use-budget-funds/finansovyy-kontrol/размещается информация по контрольной деятельности финансового управления муниципального района. В целях оценки показателя учитываются отчеты о контрольных мероприятиях, предусмотренных планом контрольно-счетного органа муниципального образования в текущем году, срок реализации которых на дату проведения мониторинга завершен. В случае, если план контрольных мероприятий на текущий финансовый год не опубликован до 1 января соответствующего года, оценка показателя принимает значение 0 баллов (план на сайте не найден)
A47: 38 | B47: Татищевский | C47: Опубликована по результатам всех контрольных мероприятий, предусмотренных планом на текущий финансовый год, в том числе сведения о принятых объектом контроля решениях и мерах по направленным ему представлениям и предписаниям | D47: Word | F47: =IF(C47=$C$5,2,IF(C47=$C$6,1,0)) -> 2 | J47: =F47*(1-G47)*(1-H47)*(1-I47) -> 2 | K47: http://tatishevo.saratov.gov.ru/index.php?option=com_content&view=article&id=113&Itemid=79
A48: 39 | B48: Турковский | C48: Не опубликована, или ее публикация носит несистемный характер (публикуются сведения по отдельным контрольным мероприятиям, предусмотренным планом на текущий финансовый год) | F48: =IF(C48=$C$5,2,IF(C48=$C$6,1,0)) -> 0 | J48: =F48*(1-G48)*(1-H48)*(1-I48) -> 0 | K48: http://turki.sarmo.ru/otkrytyy-byudzhet/kontrol/kontrolno-schetnaya-komissiya-turkovskogo-munitsipalnogo-rayona/ | L48: По казанной ссылке и на сайте не найден план контрольных мероприятий на текущий год, оценка показателя принимает значение 0 балов.
A49: 40 | B49: Федоровский | C49: Не опубликована, или ее публикация носит несистемный характер (публикуются сведения по отдельным контрольным мероприятиям, предусмотренным планом на текущий финансовый год) | F49: =IF(C49=$C$5,2,IF(C49=$C$6,1,0)) -> 0 | J49: =F49*(1-G49)*(1-H49)*(1-I49) -> 0 | K49: http://fedormr.ru/byudzhet/2021/Kontrol2021.php | L49: К заголовку «АКТ 18 от 01.04.2021 г. о проведении проверки ведения финансово-хозяйственной деятельности МДОУ д.с. Колокольчик с. Морцы» прикреплена фото вместо файла акта.
A50: 41 | B50: Хвалынский | C50: Не опубликована, или ее публикация носит несистемный характер (публикуются сведения по отдельным контрольным мероприятиям, предусмотренным планом на текущий финансовый год) | D50: Word | F50: =IF(C50=$C$5,2,IF(C50=$C$6,1,0)) -> 0 | J50: =F50*(1-G50)*(1-H50)*(1-I50) -> 0 | K50: http://hvalynsk.sarmo.ru/kontrolno-schetnaya-komissiya/otchet-o-rabote-ksk/ | L50: По указанной ссылке и на сайте информация о проверке, предусмотренной п 2.6 плана работ Контрольно-счетной комиссии Хвалынского муниципального района на 2021 года не найдена.
A51: 42 | B51: Энгельсский | C51: Не опубликована, или ее публикация носит несистемный характер (публикуются сведения по отдельным контрольным мероприятиям, предусмотренным планом на текущий финансовый год) | D51: Word | F51: =IF(C51=$C$5,2,IF(C51=$C$6,1,0)) -> 0 | J51: =F51*(1-G51)*(1-H51)*(1-I51) -> 0 | K51: https://www.engels-city.ru/otkrytye-dannye-ksp | L51: Информация о контрольных мероприятиях представлена в целом , а не по каждому мероприятию отдельно, отсуствуют сроки проведения мероприятий и выводы по каждому.
